 Dungeon Crawl Stone Soup version 0.18.1-8-gdd0e5ea (webtiles) character file.

11642065 shklvsk the Conqueror (level 27, 214/214 HPs)
             Began as a Gargoyle Chaos Knight on May 23, 2016.
             Was the Champion of Zin.
             Escaped with the Orb
             ... and 15 runes on May 31, 2016!
             The game lasted 10:33:24 (141406 turns).

shklvsk the Conqueror (Gargoyle Chaos Knight)     Turns: 141406, Time: 10:33:24

Health: 214/214    AC: 82    Str: 28    XL:     27
Magic:  16/16      EV: 26    Int: 16    God:    Zin [******]
Gold:   14474      SH:  0    Dex: 17    Spells: 0 memorised, 26 levels left

rFire  + + .     SeeInvis .     a - +5 triple sword (antimagic)
rCold  . . .     Gourm    .     F - +14 crystal plate armour
rNeg   + + .     Faith    .     (shield currently unavailable)
rPois  ∞         Spirit   .     Z - +2 helmet
rElec  +         Dismiss  .     r - +2 cloak {MR+}
rCorr  .         Reflect  .     g - +2 pair of fencer's gloves {LBl+4 SBl+4 EV+3 Dex+6}
SustAt .         Harm     .     E - +2 pair of boots {run}
MR     ++++.                    y - amulet of Vitality {Regen+ HP+15}
Stlth  ..........               d - ring "Nauzag" {rElec rF+ MR+ MP+9 Dex-3}
                                Y - ring of Porommar {rF+ rN+ Str+2}

@: mighty, empathic, cleaving, flying, very slightly contaminated, invisible,
quick, incredibly resistant to hostile enchantments, extremely unstealthy
A: big wings, negative energy resistance 1, electricity resistance, unbreathing,
petrification resistance, rot immunity, AC +20
a: Stop Flying, Recite, Vitalisation, Imprison, Sanctuary, Donate Gold, Renounce
Religion
0: Orb of Zot
}: 15/15 runes: decaying, serpentine, slimy, silver, golden, iron, obsidian,
icy, bone, abyssal, demonic, glowing, magical, fiery, dark


You escaped.
You worshipped Zin.
Zin was exalted by your worship.
You were very hungry.

You visited 18 branches of the dungeon, and saw 92 of its levels.
You visited Pandemonium 1 time, and saw 19 of its levels.
You visited the Abyss 1 time.
You visited 2 ziggurats, and saw 23 of their levels (deepest: 13).
You also visited: Trove and Bailey.

You collected 21459 gold pieces.
You spent 6275 gold pieces at shops.
You donated 444 gold pieces to Zin.

Inventory:

Hand Weapons
 a - a +5 antimagic triple sword (weapon)
   (You subdued it on level 2 of the Elven Halls)
 b - the +5 double sword "Risihu Foti" {holy, MR+}
   (You found it in a treasure trove)

   It has been blessed by the Shining One to cause great damage to the undead
   and demons.
   It affects your resistance to hostile enchantments.
Missiles
 v - 4 throwing nets {=f, !d}
 T - 5 silver javelins (quivered)
Armour
 g - the +2 pair of fencer's gloves (worn) {LBl+4 SBl+4 EV+3 Dex+6}
   (You found it on level 3 of the Depths)

   It affects your evasion (+3).
   It affects your dexterity (+6).
 r - a +2 cloak of magic resistance (worn)
   (You took it off a draconian annihilator on level 4 of the Depths)
 E - a +2 pair of boots of running (worn)
   (You found it in Pandemonium)
 F - a +14 crystal plate armour (worn)
   (You took it off an orc warrior in a bailey)
 Z - a +2 helmet (worn)
   (You found it in Pandemonium)
Rods
 h - a +1 rod of inaccuracy (15/15) {!a}
   (You found it on level 1 of a ziggurat)
 q - a +9 rod of ignition (9/9) {!a}
   (You found it on level 8 of a ziggurat)
 u - a +2 rod of shadows (11/11)
   (You found it on level 3 of the Tomb of the Ancients)
 U - a +4 rod of inaccuracy (11/11) {!a}
   (You found it on level 7 of Tartarus)
Jewellery
 d - the ring "Nauzag" (right hand) {rElec rF+ MR+ MP+9 Dex-3}
   (You found it on level 5 of a ziggurat)

   [ring of magical power]

   It affects your dexterity (-3).
   It protects you from fire.
   It insulates you from electricity.
   It affects your resistance to hostile enchantments.
   It affects your magic capacity (+9).
 j - an uncursed ring of protection from cold {rC+, !d}
   (You found it on level 2 of the Dungeon)
 y - the amulet of Vitality (around neck) {Regen+ HP+15}
   (You found it on level 4 of the Depths)

   [amulet of regeneration]

   It affects your health (+15).
   It increases your rate of regeneration.
 C - the ring "Zoutzug" {EV+2 Str+4 Dex+2 SInv}
   (You bought it in a shop on level 2 of the Orcish Mines)

   [ring of evasion]

   It affects your evasion (+2).
   It affects your strength (+4).
   It affects your dexterity (+2).
   It lets you see invisible.
 V - the ring of Linearity {rCorr rC+ Str+2 Slay+2}
   (You bought it in a shop on level 5 of the Vaults)

   [ring of resist corrosion]

   It affects your strength (+2).
   It affects your accuracy and damage with ranged weapons and melee attacks
   (+2).
   It protects you from cold.
 Y - the ring of Porommar (left hand) {rF+ rN+ Str+2}
   (You found it on level 7 of Tartarus)

   [ring of protection from fire]

   It affects your strength (+2).
   It protects you from fire.
   It protects you from negative energy.
Wands
 e - a wand of heal wounds (4/9)
   (You acquired it on level 8 of the Dungeon)
 f - a wand of acid (6/15)
   (You found it on level 3 of the Depths)
 M - a wand of teleportation (8/9)
   (You bought it in a shop on level 2 of the Orcish Mines)
 Q - a wand of iceblast (7/15)
   (You found it on level 4 of the Depths)
Scrolls
 m - 20 scrolls of teleportation
 p - 9 scrolls of fog
 t - 21 scrolls of identify
 w - a scroll of summoning
 x - 46 scrolls of remove curse
 A - a scroll of silence
 I - 5 scrolls of holy word {!r}
 N - 7 scrolls of blinking {!r}
Potions
 k - 22 potions of curing
 n - 3 potions of haste
 o - 11 potions of magic
 z - 5 potions of resistance
 B - 10 potions of cancellation
 K - 4 potions of might
 S - a potion of heal wounds
Miscellaneous
 i - a sack of spiders
   (You found it on level 7 of Tartarus)
 s - a lamp of fire
   (You found it on level 5 of the Vaults)
 G - a fan of gales
   (You found it on level 2 of the Swamp)
 J - a phial of floods
   (You found it on level 3 of the Elven Halls)
 L - a disc of storms
   (You found it on level 5 of the Vaults)
 O - a sack of spiders
   (You found it on level 7 of a ziggurat)
 W - an ornate deck of summoning {the Crusade, drawn: 1}
   (You found it on level 3 of the Realm of Zot)
 X - 9 phantom mirrors
Comestibles
 c - 11 bread rations {@e1}
 l - 31 fruits
 P - 13 meat rations {@e2}


   Skills:
 O Level 27 Fighting
 - Level 20.2(24.2) Long Blades
   Level 6.1 Axes
 + Level 20.5 Throwing
 O Level 27 Armour
 O Level 27 Dodging
 - Level 7.0 Stealth
   Level 14.5 Shields
 O Level 27 Invocations
 O Level 27 Evocations


You had 26 spell levels left.
You didn't know any spells.

Dungeon Overview and Level Annotations

Branches:
Dungeon (15/15)            Temple (1/1) D:5            Lair (8/8) D:8
  Swamp (4/4) Lair:5        Snake (4/4) Lair:6        Slime (6/6) Lair:7
    Orc (2/2) D:12            Elf (3/3) Orc:2        Vaults (5/5) D:14
  Crypt (3/3) Vaults:3       Tomb (3/3) Crypt:3      Depths (5/5) D:15
   Hell (1/1)                 Dis (7/7) Hell            Geh (7/7) Hell
    Coc (7/7) Hell            Tar (7/7) Hell            Zot (5/5) Depths:5

Altars:
Ashenzari
Cheibriados
Dithmenos
Elyvilon
Fedhas
Gozag
Kikubaaqudgha
Makhleb
Nemelex Xobeh
Okawaru
Pakellas
Qazlal
Ru
Sif Muna
Trog
Vehumet
Xom
Yredelemnul
Zin
The Shining One
Beogh
Jiyva

Shops:
D:12 :(   Orc:2 [%[}*!=   Elf:1 *   Snake:3 %   Vaults:2 !   Vaults:3 [
Vaults:5 *(==   Depths:5 !

Portals:
Hell: Depths:1 Depths:2 Depths:3 Depths:4 Depths:5
Abyss: Depths:3 Depths:4 Depths:5
Pandemonium: Depths:3 Depths:5

Annotations:
D:13 exclusion: downstairs
Snake:2 exclusion: downstairs
Snake:3 Mara


Innate Abilities, Weirdness & Mutations

You are resistant to torment.
Your stone body is resilient (AC +20).
You are immune to poison.
Your large and strong wings let you fly indefinitely.
You resist negative energy.
You are resistant to electric shocks.
You can survive without breathing.
You are immune to petrification.
You are immune to rotting.


Message History

You barely miss the red devil. The red devil completely misses you.
You barely miss the red devil.
A quasit comes into view.
You hit the red devil but do no damage.
The red devil hops backward while attacking.
The red devil hits you but does no damage.
You chop the red devil into pieces!!!
You kill the red devil!
The quasit closely misses you. The quasit misses you.
The quasit completely misses you.
You see here a demon trident of venom.
You slice the quasit!!
You kill the quasit!
(D) Dungeon (T) Temple (L) Lair (S) Swamp (P) Snake Pit (M) Slime Pits (O) Orcish Mines (E) Elven Halls (V) Vaults (C) Crypt (W) Tomb (U) Depths (H) Hell (I) Dis (G) Gehenna (X) Cocytus (Y) Tartarus (Z) Zot
Where to? (Enter - D:6 @ (x,y), ? - help)
You are feeling very hungry.
(D) Dungeon (T) Temple (L) Lair (S) Swamp (P) Snake Pit (M) Slime Pits (O) Orcish Mines (E) Elven Halls (V) Vaults (C) Crypt (W) Tomb (U) Depths (H) Hell (I) Dis (G) Gehenna (X) Cocytus (Y) Tartarus (Z) Zot
Where to? (Enter - D:6 @ (x,y), ? - help)
A hell beast comes into view.
There is an open door here.
There is an escape hatch in the ceiling here.
A mysterious force pulls you upwards. The hatch slams shut behind you.
There is a stone staircase leading up here.
You fly upwards.
There is a stone staircase leading down here.
A sixfirhy comes into view.
There is a stone staircase leading up here.
You fly upwards.
There is a stone staircase leading down here.
There is a stone staircase leading up here.
You fly upwards.
There is a stone staircase leading down here.
You see here a club.
There is an escape hatch in the ceiling here.
A mysterious force pulls you upwards. The hatch slams shut behind you.
You see here a club.
A rust devil comes into view.
The rust devil screeches!
You slice the rust devil!! The rust devil barely misses you.
You slice the rust devil!!
You kill the rust devil!
(D) Dungeon (T) Temple (L) Lair (S) Swamp (P) Snake Pit (M) Slime Pits (O) Orcish Mines (E) Elven Halls (V) Vaults (C) Crypt (W) Tomb (U) Depths (H) Hell (I) Dis (G) Gehenna (X) Cocytus (Y) Tartarus (Z) Zot
Where to? (Enter - D:1 @ (x,y), ? - help)
A giant cockroach comes into view.
You chop the giant cockroach into pieces!!!
You kill the giant cockroach!
(D) Dungeon (T) Temple (L) Lair (S) Swamp (P) Snake Pit (M) Slime Pits (O) Orcish Mines (E) Elven Halls (V) Vaults (C) Crypt (W) Tomb (U) Depths (H) Hell (I) Dis (G) Gehenna (X) Cocytus (Y) Tartarus (Z) Zot
Where to? (Enter - D:1 @ (x,y), ? - help)
There is an open door here.
There is a staircase leading out of the dungeon here.
Drink which item? (? for menu, Esc to quit)
Okay, then.
Wield which item (- for none, * to show all)? (? for menu, Esc to quit)
Okay, then.
Wear which item? (? for menu, Esc to quit)
Okay, then.
Read which item? (? for menu, Esc to quit)
Okay, then.
You draw a card...
It is the Alchemist.
Nothing appears to happen.
You draw a card...
It is the Elixir.
The deck of cards glows with a rainbow of weird colours and disappears.
You draw a card...
It is the Blade.
Your +5 antimagic triple sword looks sharp.
You draw a card...
It is the Blade.
Your cleaving ability is renewed.
You draw a card...
It is the Potion.
You fade into invisibility!
You are very lightly contaminated with residual magic.
You draw a card...
It is Dowsing.
You feel telepathic!
You draw a card...
It is the Mercenary.
Pay Minic's fee of 172 gold?
Minic joins your ranks!
Here: Minic the naga, wielding a dire flail of protection (friendly)
The floor.
You draw a card...
It is Focus.
You feel stronger.
You feel clumsy.
You draw a card...
It is Dowsing.
The deck of cards glows slightly and disappears.
You feel telepathic!
Okay, then.
Drink which item? (? for menu, Esc to quit)
You feel very mighty all of a sudden.
You have escaped!

.............#.#..'..##....#####.
###.####.###.#.#..##.##>#..# #.
....##.....#.#....##.####### #.
######.#.#.#.##..###.##### #.
##...........##### #.#...# #.
...###.#.#.#.# #.#...## #.
#..###.....#.#######.##...# #.
#..##.#..###.#.....#..'.#.# #.
#..#.###.###.#.N@⌠.#.##...######.
#...## ##.##.#.....#.#...###...†.
#....###..##.#.....#.#...# #####.
#...#.#.#....###'###.##'##### #.
#...##.##.##.# #.....#......####.
.....###.###.# #####.#...........
###......###.#######.#......####.
# #..&......................# #.
# #...3..###..#####.#.####.## ##


You could see the friendly Minic the naga.

Vanquished Creatures
  Cerebov (Pan)
  Antaeus (Coc:7)
  Asmodeus (Geh:7)
  Gloorx Vloq (Pan)
  Ereshkigal (Tar:7)
  the Royal Jelly (Slime:6)
  the Serpent of Hell (Coc:7)
  Lom Lobon (Pan)
  Mnoleg (Pan)
  Dispater (Dis:7)
  2 orbs of fire
  Mennas (Pan)
  2 juggernauts
  The ghost of jesusflecha the Warrior, a master DsBe of Trog (Vaults:5)
  10 ancient liches
  35 greater mummies
  Saint Roka (Crypt:3)
  the Lernaean hydra (Swamp:4)
  The ghost of nezrel the Slayer, a veteran MiBe of Trog (Depths:3)
  Margery (Vaults:2)
  Frederick (Crypt:3)
  A caustic shrike (Depths:3)
  14 shard shrikes
  5 Killer Klowns
  A curse toe (Crypt:3)
  8 pandemonium lords
  Geryon (Hell)
  The ghost of Mysteryquy the Slayer, an adept MiBe of Trog (Vaults:4)
  12 bone dragons
  7 iron giants
  A profane servitor (Zig:7)
  9 golden dragons
  24 Tzitzimimeh
  7 doom hounds (Tar:7)
  33 Brimstone Fiends
  2 electric golems
  12 Ice Fiends
  A hellephant (shapeshifter) (Vaults:2)
  10 tentacled monstrosities
  20 Hell Sentinels
  15 titans
  3 deep elf blademasters
  25 Orb Guardians
  11 liches
  7 quicksilver dragons
  4 death cobs
  3 eldritch tentacles
  27 Executioners
  2 deep elf master archers (Elf:3)
  15 acid blobs
  4 tentacled starspawn
  13 sphinxes
  Agnes (Elf:2)
  14 ancient champions
  Kirke (D:12)
  12 storm dragons
  15 shadow dragons
  14 tengu reavers
  2 thorn hunters
  8 revenants
  2 draconian monks
  2 frost giants (shapeshifter)
  Maud (Lair:6)
  19 fire giants
  12 greater nagas
  9 azure jellies
  9 corrupters
  Wiglaf (Elf:2)
  18 frost giants
  15 vault wardens
  5 ghost moths
  Donald (Vaults:3)
  8 deep elf sorcerers
  42 balrugs
  A draconian knight (Depths:4)
  An angel (Abyss:2)
  A draconian scorcher (Zot:2)
  12 iron dragons
  An emperor scorpion (shapeshifter) (Depths:3)
  66 reapers
  A spriggan defender (Depths:5)
  4 draconian zealots
  11 warmongers
  21 cacodemons
  12 ghouls
  A spectral caustic shrike (Zig:10)
  25 war gargoyles
  7 draconian shifters
  5 curse skulls
  4 deep elf elementalists
  10 draconian annihilators
  7 vampire knights
  31 stone giants
  6 blood saints (Pan)
  15 ironheart preservers
  11 deep elf demonologists
  An apis (shapeshifter) (Depths:4)
  48 very ugly things
  3 black draconians
  10 salamander stormcallers
  9 red draconians
  5 elemental wellsprings
  6 green draconians
  11 deep elf annihilators
  A spark wasp (shapeshifter) (Vaults:5)
  A white draconian (shapeshifter) (Zot:3)
  3 yellow draconians
  A purple draconian (shapeshifter) (Zot:3)
  6 spark wasps
  6 white draconians
  6 bennus
  2 mottled draconians
  14 lorocyprocas
  5 black suns
  6 chaos champions
  3 purple draconians
  26 ettins
  14 deep elf death magi
  5 eidola
  13 green deaths
  22 fire dragons
  32 vault guards
  12 death oozes
  47 blizzard demons
  27 mummy priests
  Josephine (Lair:6)
  6 deep elf high priests
  6 quicksilver dragon zombies
  9 jiangshi
  Fannar (Orc:1)
  20 ogre magi
  A kraken zombie (Hell)
  16 yaktaur captains
  21 hydras
  24 great orbs of eyes
  10 hell beasts
  34 ice dragons
  5 quicksilver dragon skeletons
  13 entropy weavers
  11 rakshasas
  3 spriggan air magi (Depths:5)
  11 monstrous demonspawn
  A spectral tengu (Zig:10)
  13 naga warriors
  20 anacondas
  10 centaur warriors
  A ghost crab (shapeshifter) (Depths:3)
  An alligator snapping turtle (shapeshifter) (Depths:3)
  3 catoblepae (Lair:8)
  Erica (Orc:1)
  21 dancing weapons
  13 deep troll shamans
  A spectral fire giant (Zig:10)
  7 alligators
  4 death knights
  5 titan zombies
  An alligator (shapeshifter) (Vaults:5)
  22 death yaks
  18 hell hogs
  10 tengu warriors
  16 naga sharpshooters
  10 deep troll earth magi
  5 thrashing horrors
  5 orc high priests
  24 deep elf knights
  7 spriggan berserkers
  15 iron golems
  58 sun demons
  51 soul eaters
  Nergalle (Lair:3)
  9 shock serpents
  10 vampire magi
  6 storm dragon zombies
  The ghost of Potsanchik the Spear-Bearer, a novice NaWr of Ashenzari (D:7)
  4 fire crabs
  25 iron trolls
  5 salamander mystics
  12 wretched stars
  An iron troll (shapeshifter) (Zig:9)
  4 titan skeletons
  2 spatial maelstroms
  A hellephant skeleton (Crypt:2)
  118 skeletal warriors
  36 shadow wraiths
  2 ghost moth zombies (Coc:7)
  5 golden dragon zombies
  35 hell knights
  6 spriggan druids
  12 anaconda zombies
  49 large abominations
  5 unseen horrors (Tar:7)
  3 storm dragon skeletons
  19 death scarabs
  9 gelid demonspawn
  A deep troll (shapeshifter) (Vaults:4)
  15 giant orange brains
  17 flayed ghosts
  A kraken simulacrum (Hell)
  35 shadow demons
  14 deep elf archers
  2 death drakes
  13 swamp dragons
  7 infernal demonspawn (Pan)
  9 naga ritualists
  An obsidian statue (Zig:3)
  43 deep trolls
  9 torturous demonspawn (Pan)
  3 shambling mangroves
  12 putrid demonspawn (Pan)
  20 ironbrand convokers
  20 orc knights
  11 necromancers
  5 golden dragon skeletons
  2 sphinx zombies
  43 anubis guards
  8 shadow dragon zombies
  3 lindwurms (Depths:4)
  6 wolf spiders
  20 phantasmal warriors
  7 stone giant zombies
  4 anaconda skeletons
  9 hill giants
  12 mana vipers
  4 wolf spider zombies
  6 orb spiders
  4 shadow dragon skeletons
  4 iron dragon zombies
  3 oklob plants (Depths:4)
  7 orc sorcerers
  61 ugly things
  97 deep elf magi
  14 griffons
  4 shining eyes
  7 frost giant zombies
  4 hornets
  An apis zombie (Crypt:2)
  6 wizards
  2 worldbinders
  21 salamanders
  3 fire giant zombies
  A sphinx skeleton (Zig:6)
  15 moths of wrath
  A moth of wrath (shapeshifter) (Vaults:1)
  7 cyclopes
  A manticore (D:13)
  3 dire elephant zombies
  A hornet (shapeshifter) (D:14)
  23 sixfirhies
  An octopode (shapeshifter) (Vaults:3)
  19 vault sentinels
  4 elephants (shapeshifter)
  A water nymph (shapeshifter) (D:15)
  44 rust devils
  11 frost giant skeletons
  12 naga magi
  11 elephants
  21 guardian serpents
  7 stone giant skeletons
  36 black mambas
  7 iron dragon skeletons
  2 fire giant skeletons
  A shock serpent zombie (Coc:2)
  7 eyes of devastation
  4 ice statues
  5 apocalypse crabs
  49 smoke demons
  A torpor snail (shapeshifter) (Vaults:5)
  12 molten gargoyles
  2 black mambas (shapeshifter)
  27 orange demons
  A gargoyle (D:14)
  50 freezing wraiths
  6 centaur skeletons
  2 shock serpent skeletons
  21 hellions
  An emperor scorpion zombie (Coc:7)
  22 spiny frogs
  3 dire elephant skeletons
  A torpor snail (Lair:3)
  2 rime drakes (shapeshifter)
  A komodo dragon (shapeshifter) (D:14)
  2 kobold demonologists
  13 efreet
  68 ice devils
  20 demonic crawlers
  8 rime drakes
  38 tormentors
  6 komodo dragons
  5 tengu conjurers
  An anaconda simulacrum (Crypt:3)
  52 yaktaurs
  39 guardian mummies
  7 ancient zymes
  42 hellwings
  2 catoblepas skeletons
  2 silent spectres (Tar:7)
  63 red devils
  2 queen bees
  7 jumping spiders
  A polar bear (Lair:7)
  5 harpy zombies
  11 trolls
  A wolf spider simulacrum (Hell)
  A two-headed ogre (shapeshifter) (Vaults:3)
  28 two-headed ogres
  3 giant leeches
  13 hydra zombies
  A wind drake (shapeshifter) (Depths:2)
  2 raiju (shapeshifter)
  A harpy skeleton (Coc:7)
  6 ettin zombies
  A giant leech (shapeshifter) (Vaults:5)
  13 bog bodies
  9 fire dragon zombies
  6 ushabtiu
  27 blink frogs
  14 raiju
  5 boulder beetles
  149 slime creatures
  Grinder (D:3)
  4 alligator zombies
  7 ettin skeletons
  2 hydra skeletons
  3 ice dragon skeletons
  6 ice dragon zombies
  18 redbacks
  28 water elementals
  8 fire dragon skeletons
  2 spriggans (shapeshifter)
  35 wraiths
  4 air elementals
  112 flying skulls
  21 shadows
  A tarantella (shapeshifter) (Vaults:4)
  2 black mamba zombies
  12 spriggans
  32 ynoxinuls
  76 yaks
  21 fire elementals
  2 tarantellas (Depths:1)
  A wyvern (D:14)
  5 alligator skeletons
  A yak (shapeshifter) (Elf:1)
  2 humans (shapeshifter)
  12 small abominations
  5 fire bats
  7 golden eyes
  6 hogs
  3 basilisks
  A human (D:7)
  22 chaos spawn
  A golden eye (shapeshifter) (D:14)
  2 steam dragons
  2 black mamba skeletons
  3 spatial vortices
  A wind drake skeleton (Crypt:3)
  3 hungry ghosts
  26 neqoxecs
  Menkaure (D:4)
  32 vampire mosquitoes
  10 insubstantial wisps
  9 hippogriffs
  A mottled dragon (Vaults:1)
  An infernal demonspawn zombie (Crypt:3)
  A merfolk zombie (Tar:4)
  A gelid demonspawn zombie (Dis:3)
  23 swamp worms
  A torturous demonspawn zombie (Dis:7)
  A mottled dragon (shapeshifter) (Vaults:3)
  52 nagas
  10 wargs
  2 soldier ants
  Duvessa (D:4)
  7 spiny frog zombies
  38 hell hounds
  31 water moccasins
  2 hydra simulacra
  A giant eyeball (Slime:4)
  9 swamp drakes
  2 giant eyeballs (shapeshifter)
  20 porcupines
  A porcupine (shapeshifter) (Zig:9)
  12 ice beasts
  41 orc warriors
  4 sky beasts
  15 wasps
  A sky beast (shapeshifter) (Zig:1)
  9 spiny frog skeletons
  A black bear (shapeshifter) (Vaults:3)
  25 starcursed masses
  4 eyes of draining
  3 ice dragon simulacra
  2 phantoms
  2 snapping turtle zombies
  An ettin simulacrum (Crypt:3)
  A fire dragon simulacrum (Hell)
  77 ogres
  2 swamp dragon zombies
  18 wolves
  A blink frog skeleton (Crypt:1)
  11 centaurs
  A manticore skeleton (Geh:7)
  12 necrophages
  17 crocodiles
  5 boggarts
  2 snapping turtle skeletons
  2 swamp dragon skeletons
  3 big kobolds
  A dryad zombie (Crypt:2)
  2 elf zombies
  A big kobold (shapeshifter) (Vaults:1)
  25 giant frogs
  A rime drake skeleton (Crypt:3)
  2 wyvern zombies
  A spiny frog simulacrum (Coc:2)
  6 earth elementals
  An elf skeleton (Hell)
  A hell hound skeleton (Crypt:1)
  A troll zombie (Hell)
  A water moccasin skeleton (Crypt:2)
  Dowan (D:4)
  A scorpion (D:6)
  40 killer bees
  29 wights
  5 electric eels
  2 howler monkeys
  A troll skeleton (Crypt:2)
  26 crimson imps
  2 giant frog zombies
  6 centaur zombies
  2 human zombies
  8 hounds
  32 jellies
  27 orc priests
  4 quasits
  A black bear skeleton (Crypt:3)
  39 iron imps
  29 orc wizards
  3 human skeletons
  13 iguanas
  12 worker ants
  A lightning spire (Zig:9)
  A porcupine skeleton (Crypt:1)
  A sheep (shapeshifter) (D:14)
  21 sheep
  A killer bee zombie (Crypt:3)
  A big kobold skeleton (Crypt:2)
  A hound zombie (Crypt:1)
  A hound skeleton (D:5)
  52 mummies
  A howler monkey zombie (D:5)
  A howler monkey skeleton (D:4)
  8 gnolls
  38 river rats
  19 adders
  A steam dragon zombie (Crypt:1)
  12 shadow imps
  34 white imps
  4 ufetubi
  2 oozes
  A halfling zombie (Crypt:2)
  A worm (D:3)
  2 adder skeletons
  A lava snake skeleton (Crypt:1)
  A dart slug (D:1)
  5 giant geckos
  117 orcs
  7 ball pythons
  10 giant cockroaches
  5 goblins
  5 hobgoblins
  12 jackals
  7 quokkas
  4 bats
  A giant gecko skeleton (D:3)
  11 giant newts
  A goblin skeleton (Crypt:1)
  12 kobolds
  A kobold skeleton (Geh:7)
  An orc skeleton (Coc:6)
  4 rats
  A rat (shapeshifter) (D:4)
  4 crawling corpses
  2 fire vortices (Vaults:4)
  9 pillars of salt
  3 starspawn tentacles
  A starspawn tentacle segment (Zig:9)
  A withered plant (Crypt:3)
5593 creatures vanquished.

Vanquished Creatures (collateral kills)
  Sojobo (Vaults:3)
  A shard shrike (Coc:7)
  A Brimstone Fiend (Geh:7)
  Jorgrun (Vaults:1)
  A tengu reaver (Vaults:3)
  A frost giant (Dis:7)
  A vault warden (Vaults:3)
  An orc warlord (Zig:10)
  A balrug (Pan)
  3 very ugly things (Depths:1)
  A stone giant (Dis:7)
  A deep elf annihilator (Vaults:4)
  A vault guard (Vaults:1)
  An ettin (Zig:10)
  A rakshasa (Depths:2)
  4 dancing weapons (Elf:2)
  An ogre mage (Vaults:3)
  2 hell knights (Vaults:2)
  An orc high priest (Zig:10)
  A sun demon (Pan)
  A salamander mystic (Snake:4)
  2 deep elf magi
  A moth of wrath (Zig:10)
  A rust devil (Hell)
  2 naga magi (Snake:4)
  A hellion (Zig:5)
  A freezing wraith (Crypt:3)
  A troll (Vaults:4)
  2 two-headed ogres
  A wraith (Crypt:3)
  A fire elemental (Hell)
  4 nagas (Snake:4)
  An orc warrior (Vaults:3)
  5 ogres
  An orc wizard (Zig:10)
  An iron imp (Hell)
  A butterfly (Zot:3)
53 creatures vanquished.

Vanquished Creatures (others)
  An Orb Guardian (Zot:5)
  2 deep elf master archers (Zig:8)
  3 eldritch tentacles
  A tengu reaver (Vaults:5)
  2 fire giants
  2 deep elf elementalists
  A very ugly thing (Depths:4)
  2 stone giants
  2 salamander stormcallers
  A black draconian (Zig:6)
  A blizzard demon (Pan)
  2 yaktaur captains
  A great orb of eyes (Zot:3)
  A fire dragon (Zig:13)
  A centaur warrior (D:15)
  An ogre mage (Depths:4)
  A hell hog (Geh:7)
  A slime creature (Swamp:2)
  A skeletal warrior (Hell)
  13 death scarabs (Tomb:2)
  An anaconda zombie (Geh:4)
  5 deep elf archers
  3 deep elf magi
  A phantasmal warrior (Vaults:4)
  An orb spider (Zig:12)
  A wolf spider (Zig:12)
  A smoke demon (Zig:3)
  8 yaktaurs
  A jumping spider (Zig:12)
  A fire dragon zombie (Geh:7)
  A redback (shapeshifter) (Elf:1)
  7 flying skulls
  3 water elementals
  2 wraiths
  A human (D:12)
  A neqoxec (Zig:9)
  A swamp worm (Swamp:2)
  A hydra simulacrum (Hell)
  4 swamp drakes
  2 ogres
  2 orc warriors (Orc:2)
  A boggart (Zot:3)
  2 centaurs (Depths:1)
  An earth elemental (Zig:8)
  A killer bee (Abyss:3)
  A crimson imp (Hell)
  A worker ant (D:4)
  5 sheep (D:4)
  A mummy (Tomb:2)
  2 white imps
  An ufetubus (Zot:5)
  2 orcs
  2 briar patches (Swamp:4)
  A bush (D:8)
  2 crawling corpses (Elf:3)
  218 eldritch tentacle segments
  6 fire vortices
  24 fungi
  2 lost souls (Crypt:3)
  87 pillars of salt
  21 plants
  17 starspawn tentacles
  293 starspawn tentacle segments
  25 tentacles (Hell)
  440 tentacle segments (Hell)
  12 withered plants (Crypt:3)
1256 creatures vanquished.

Grand Total: 6902 creatures vanquished

Notes
Turn   | Place    | Note
--------------------------------------------------------------
     0 | D:1      | shklvsk the Gargoyle Chaos Knight began the quest for the Orb.
     0 | D:1      | Reached XP level 1. HP: 14/14 MP: 1/1
    30 | D:1      | XOM: potion effect (might)
    34 | D:1      | XOM: divination: magic mapping
   150 | D:1      | Reached XP level 2. HP: 16/19 MP: 2/2
   179 | D:1      | Reached skill level 3 in Axes
   381 | D:1      | Found a shimmering altar of Xom.
   594 | D:1      | XOM: harmless Trmt miscast
   614 | D:1      | Reached XP level 3. HP: 9/23 MP: 3/3
   716 | D:1      | XOM: harmless Hex miscast
  1063 | D:2      | Reached skill level 1 in Throwing
  1063 | D:2      | Reached skill level 1 in Dodging
  1145 | D:2      | Found an iron altar of Okawaru.
  1376 | D:2      | Reached XP level 4. HP: 26/29 MP: 4/4
  1542 | D:2      | XOM: mild Conj miscast
  1887 | D:3      | Noticed Grinder
  1902 | D:3      | XOM: enchant monster (good)
  1914 | D:3      | XOM: harmless Conj miscast
  1924 | D:3      | Killed Grinder
  1924 | D:3      | Reached skill level 4 in Fighting
  1924 | D:3      | Reached skill level 4 in Axes
  1924 | D:3      | Reached skill level 3 in Armour
  1924 | D:3      | Reached skill level 2 in Stealth
  1924 | D:3      | Reached XP level 5. HP: 20/33 MP: 5/5
  1924 | D:3      | Reached XP level 6. HP: 23/38 MP: 6/6
  2143 | D:3      | XOM: 3-stop teleportation journey
  2144 | D:3      | Gained mutation: You are somewhat resistant to further mutation. [potion of mutation]
  2145 | D:3      | Gained mutation: You possess an exceptional clarity of mind. [potion of mutation]
  2184 | D:3      | XOM: 3-stop teleportation journey
  2486 | D:3      | Found a bloodstained altar of Trog.
  2686 | D:2      | XOM: harmless Summ miscast
  2793 | D:3      | XOM: stat loss: -1 Dex (10/11)
  2799 | D:3      | XOM: medium Trmt miscast
  2799 | D:3      | HP: 5/38 [something (14)]
  2810 | D:3      | Reached skill level 2 in Throwing
  3003 | D:3      | XOM: harmless Trmt miscast
  3090 | D:3      | XOM: harmless Air miscast
  3271 | D:4      | Found a white marble altar of Elyvilon.
  3309 | D:4      | Reached XP level 7. HP: 44/44 MP: 7/7
  3491 | D:4      | Found a shimmering altar of Xom.
  3512 | D:4      | XOM: harmless Conj miscast
  3726 | D:4      | Reached skill level 2 in Dodging
  3809 | D:4      | Noticed Dowan
  3810 | D:4      | Noticed Duvessa
  3826 | D:4      | XOM: noise
  3831 | D:4      | XOM: fog
  3847 | D:4      | Killed Dowan
  3913 | D:4      | Reached skill level 5 in Axes
  3914 | D:4      | Reached skill level 4 in Armour
  3938 | D:4      | XOM: summons friendly crimson imp
  3944 | D:4      | XOM: 1-stop teleportation journey
  4097 | D:4      | Noticed Menkaure
  4109 | D:4      | XOM: cast spell 'Excruciating Wounds'
  4363 | D:4      | Killed Menkaure
  4363 | D:4      | Reached skill level 5 in Fighting
  4363 | D:4      | Reached skill level 3 in Stealth
  4427 | D:4      | XOM: draining
  4580 | D:4      | XOM: scenery: 2 doors open
  4584 | D:4      | XOM: confuse monster(s)
  4593 | D:4      | XOM: give mutations
  4593 | D:4      | Gained mutation: You have large cloven feet. [Xom's grace]
  4593 | D:4      | Gained mutation: You are surrounded by a mild repulsion field (EV +2). [Xom's grace]
  4593 | D:4      | Gained mutation: Your muscles are strong. (Str +2) [Xom's grace]
  4593 | D:4      | Gained mutation: You have hoof-like feet. [Xom's grace]
  4600 | D:4      | Killed Duvessa
  4600 | D:4      | Reached XP level 8. HP: 49/49 MP: 8/8
  4731 | D:4      | XOM: give mutations
  4731 | D:4      | Gained mutation: Your flesh is cold resistant. [Xom's grace]
  4731 | D:4      | Gained mutation: You are covered in fur (AC +1). [Xom's grace]
  4879 | D:4      | XOM: vitrification
  5007 | D:5      | Entered Level 5 of the Dungeon
  5036 | D:5      | Reached skill level 3 in Throwing
  5229 | D:5      | Found a staircase to the Ecumenical Temple.
  5253 | Temple   | Entered the Ecumenical Temple
  5268 | Temple   | XOM: vitrification
  5338 | Temple   | XOM: 1-stop teleportation journey
  5547 | D:5      | Got a transparent golden ring
  5549 | D:5      | Identified the ring of the Queen {rPois Slay+3} (You found it on level 5 of the Dungeon)
  5790 | D:5      | XOM: give mutations
  5790 | D:5      | Gained mutation: Your large and strong wings let you fly indefinitely. [Xom's grace]
  5790 | D:5      | Gained mutation: You are partially covered in rugged brown scales (AC +1, +3% HP). [Xom's grace]
  5938 | D:5      | Reached skill level 4 in Stealth
  5945 | D:5      | XOM: enchant monster (good)
  5953 | D:5      | Reached skill level 6 in Axes
  5953 | D:5      | Reached skill level 3 in Dodging
  6040 | D:5      | XOM: give mutations
  6040 | D:5      | Gained mutation: Your mind is acute. (Int +2) [Xom's grace]
  6040 | D:5      | Gained mutation: Your spells are a little harder to cast, but a little more powerful. [Xom's grace]
  6040 | D:5      | Gained mutation: You are somewhat resistant to both further mutation and mutation removal. [Xom's grace]
  6098 | D:5      | XOM: colour smoke trail
  6202 | D:5      | Found a basalt altar of Yredelemnul.
  6207 | D:5      | Found an opulent altar of Gozag.
  6214 | D:5      | Found a sacrificial altar of Ru.
  6294 | D:5      | Found a glowing silver altar of Zin.
  6298 | D:5      | Fell from the grace of Xom
  6298 | D:5      | Became a worshipper of Zin the Law-Giver
  6298 | D:5      | Reached * piety under Zin
  6514 | D:6      | Reached skill level 5 in Armour
  6514 | D:6      | Reached XP level 9. HP: 55/56 MP: 9/9
  6579 | D:6      | Reached skill level 1 in Long Blades
  6717 | D:6      | Reached skill level 2 in Long Blades
  6820 | D:6      | XOM: summons 5 hostile shadow creatures
  6859 | D:6      | XOM: 2-stop teleportation journey
  6943 | D:6      | XOM: give mutations
  6943 | D:6      | Lost mutation: Your flesh is cold resistant. [Xom's mischief]
  6943 | D:6      | Lost mutation: You possess an exceptional clarity of mind. [Xom's mischief]
  6978 | D:6      | XOM: give mutations
  6978 | D:6      | Lost mutation: Your muscles are strong. (Str +2) [Xom's mischief]
  6978 | D:6      | Lost mutation: Your spells are a little harder to cast, but a little more powerful. [Xom's mischief]
  7147 | D:6      | XOM: give mutations
  7147 | D:6      | Gained mutation: Your mind is very acute. (Int +4) [Xom's grace]
  7147 | D:6      | Gained mutation: You have hooves in place of feet. [Xom's grace]
  7147 | D:6      | Gained mutation: You have a beak for a mouth. [Xom's grace]
  7147 | D:6      | Gained mutation: Your spells are a little harder to cast, but a little more powerful. [Xom's grace]
  7177 | D:6      | Reached skill level 3 in Long Blades
  7548 | D:6      | XOM: vitrification
  7986 | D:7      | Reached skill level 4 in Long Blades
  8017 | D:7      | Noticed Potsanchik's ghost (novice NaWr)
  8056 | D:7      | Reached skill level 5 in Long Blades
  8058 | D:7      | XOM: noise
  8335 | D:7      | Killed Potsanchik's ghost
  8335 | D:7      | Reached skill level 7 in Long Blades
  8378 | D:7      | Reached ** piety under Zin
  8444 | D:7      | XOM: medium Air miscast
  8466 | D:7      | XOM: severe Fire miscast
  8627 | D:7      | Reached XP level 10. HP: 57/61 MP: 10/10
  9061 | D:7      | Reached skill level 8 in Long Blades
  9500 | D:8      | Reached skill level 9 in Long Blades
  9642 | D:8      | Found a staircase to the Lair.
  9761 | D:7      | Reached skill level 10 in Long Blades
 10286 | D:8      | Reached *** piety under Zin
 10322 | D:8      | Reached skill level 11 in Long Blades
 10322 | D:8      | Reached XP level 11. HP: 38/65 MP: 11/11
 10527 | D:8      | Found Eleceybe's Magic Scroll Shoppe.
 11190 | D:9      | Reached skill level 1 in Invocations
 11274 | D:9      | Reached skill level 1 in Evocations
 11284 | D:9      | XOM: noise
 11443 | D:9      | XOM: noise
 11533 | D:9      | XOM: harmless Air miscast
 11641 | D:9      | Reached **** piety under Zin
 11751 | D:10     | Entered Level 10 of the Dungeon
 11781 | D:10     | Reached skill level 2 in Invocations
 11861 | D:10     | XOM: harmless Conj miscast
 11977 | D:10     | Noticed a hill giant
 11987 | D:10     | HP: 6/65 [hill giant/giant club (30)]
 11996 | D:10     | XOM: harmless Necr miscast
 12147 | D:10     | XOM: harmless Hex miscast
 12396 | D:10     | Reached skill level 6 in Fighting
 12731 | D:10     | Reached skill level 5 in Stealth
 13004 | D:11     | XOM: medium Erth miscast
 13118 | D:11     | XOM: noise
 13310 | D:11     | Reached skill level 3 in Invocations
 13370 | D:11     | Reached skill level 4 in Throwing
 13410 | D:11     | XOM: silly message
 13495 | D:11     | XOM: harmless Summ miscast
 13500 | D:11     | Noticed a seven-headed hydra
 13559 | D:11     | XOM: harmless Trmt miscast
 13873 | D:12     | XOM: silly message
 13887 | D:12     | Noticed a hill giant
 13898 | D:13     | Noticed a griffon
 13898 | D:13     | Noticed a green ugly thing
 13912 | D:12     | Killed a green ugly thing
 13912 | D:12     | Reached skill level 2 in Evocations
 13943 | D:13     | Killed a griffon
 13970 | D:13     | Found a flagged portal.
 13974 | D:13     | XOM: divination: magic mapping
 13974 | D:13     | Was forgiven by Xom
 13991 | Bailey   | Entered a bailey
 14177 | Bailey   | Noticed an orc knight
 14300 | Bailey   | Noticed an orc knight
 14403 | Bailey   | Noticed an orc knight
 14421 | Bailey   | Killed an orc knight
 14470 | Bailey   | Reached skill level 4 in Invocations
 14481 | Bailey   | Killed an orc knight
 14494 | Bailey   | Killed an orc knight
 14509 | Bailey   | Got a twisted shield
 14515 | Bailey   | Identified the +4 shield of the End {Str+3} (You found it in a bailey)
 14538 | Bailey   | Reached ***** piety under Zin
 14785 | D:13     | Noticed a hill giant
 14803 | D:13     | Killed a hill giant
 14803 | D:13     | Reached XP level 12. HP: 73/73 MP: 15/15
 14925 | D:13     | Reached skill level 6 in Stealth
 14925 | D:13     | Reached skill level 1 in Shields
 15314 | D:13     | Reached skill level 6 in Armour
 15574 | D:13     | Reached skill level 7 in Fighting
 15574 | D:13     | Reached skill level 2 in Shields
 15574 | D:13     | Reached skill level 5 in Invocations
 15587 | D:13     | Reached skill level 3 in Evocations
 15714 | D:12     | Noticed Kirke
 15732 | D:13     | Reached skill level 3 in Shields
 16081 | D:12     | Found Gaychang's Book Emporium.
 16243 | D:12     | Killed Kirke
 16243 | D:12     | Reached skill level 12 in Long Blades
 16243 | D:12     | Reached skill level 7 in Armour
 16243 | D:12     | Reached skill level 6 in Invocations
 16248 | D:12     | Reached skill level 5 in Throwing
 16412 | D:12     | Reached skill level 4 in Shields
 16508 | D:12     | Found a staircase to the Orcish Mines.
 16685 | D:12     | Found Hicsoq's Weapon Shop.
 16694 | D:12     | Bought a +2 long sword of electrocution for 351 gold pieces
 16999 | D:14     | Noticed a tengu warrior
 17169 | D:14     | Reached skill level 7 in Stealth
 17169 | D:14     | Reached XP level 13. HP: 66/79 MP: 13/17
 17189 | D:14     | Noticed a vault guard
 17189 | D:14     | Noticed an ettin
 17461 | D:8      | Bought a scroll of blinking for 105 gold pieces
 17461 | D:8      | Bought a scroll of identify for 28 gold pieces
 17461 | D:8      | Bought a scroll of identify for 28 gold pieces
 17461 | D:8      | Bought a scroll of identify for 28 gold pieces
 17461 | D:8      | Bought a scroll of identify for 28 gold pieces
 17507 | Lair:1   | Entered Level 1 of the Lair of Beasts
 18094 | Lair:1   | Reached skill level 5 in Shields
 18094 | Lair:1   | Reached skill level 4 in Evocations
 18304 | Lair:1   | Reached skill level 7 in Invocations
 19519 | Lair:2   | Reached skill level 8 in Fighting
 19789 | Lair:2   | Got a pair of crude gloves
 19800 | Lair:2   | Identified the +0 pair of gloves "Jyathrol" {+Fly Dex+6} (You found it on level 2 of the Lair of Beasts)
 19995 | Lair:2   | Reached skill level 8 in Armour
 20402 | Lair:3   | Noticed Nergalle
 20420 | Lair:3   | Killed Nergalle
 20774 | Lair:3   | Reached skill level 6 in Shields
 20807 | Lair:3   | Reached skill level 5 in Evocations
 20979 | Lair:3   | Reached skill level 6 in Throwing
 21846 | Lair:4   | Reached ****** piety under Zin
 22155 | Lair:4   | Reached skill level 7 in Shields
 22166 | Lair:4   | Mutation became permanent: Your large and strong wings let you fly indefinitely. [Gargoyle growth]
 22166 | Lair:4   | Reached XP level 14. HP: 57/86 MP: 12/19
 22175 | Lair:4   | Reached skill level 9 in Armour
 22176 | Lair:4   | HP: 20/86 [porcupine's spines (5)]
 22205 | Lair:4   | HP: 21/86 [porcupine's spines (6)]
 22712 | Lair:4   | Found a white marble altar of Elyvilon.
 22732 | Lair:4   | Reached skill level 6 in Evocations
 23250 | Lair:5   | Reached skill level 8 in Invocations
 23457 | Lair:5   | Reached skill level 9 in Fighting
 23779 | Lair:5   | Found a staircase to the Swamp.
 24349 | Lair:6   | Found a staircase to the Snake Pit.
 24533 | Lair:6   | Noticed Josephine
 24544 | Lair:6   | Killed Josephine
 24732 | Lair:6   | Noticed Maud
 24751 | Lair:6   | Killed Maud
 24751 | Lair:6   | Reached skill level 8 in Shields
 24946 | Lair:6   | Reached skill level 7 in Evocations
 25196 | Lair:6   | Reached skill level 7 in Throwing
 25196 | Lair:6   | Reached skill level 10 in Armour
 25627 | Lair:7   | Reached XP level 15. HP: 92/94 MP: 21/21
 25647 | Lair:7   | Reached skill level 10 in Fighting
 25952 | Lair:7   | Found a viscous altar of Jiyva.
 25954 | Lair:7   | Found a staircase to the Slime Pits.
 26620 | Lair:7   | Identified a scroll of acquirement
 26707 | Lair:8   | Entered Level 8 of the Lair of Beasts
 26890 | Lair:8   | Found a basalt altar of Yredelemnul.
 27158 | Lair:8   | Reached skill level 9 in Shields
 27489 | Lair:8   | Reached skill level 9 in Invocations
 27763 | Lair:8   | Reached skill level 8 in Evocations
 27956 | Lair:8   | Identified a +2 rod of ignition (11/11) (You found it on level 8 of the Lair of Beasts)
 27970 | Lair:8   | Got an iridescent quarterstaff
 28047 | Lair:8   | Reached skill level 11 in Armour
 28839 | D:11     | Reached skill level 13 in Long Blades
 29592 | D:14     | Found a gate to the Vaults.
 29802 | D:14     | Reached skill level 10 in Shields
 29833 | D:14     | Reached XP level 16. HP: 68/101 MP: 20/23
 29859 | D:14     | Reached skill level 11 in Fighting
 30345 | D:15     | Entered Level 15 of the Dungeon
 30421 | D:15     | Reached skill level 8 in Throwing
 30866 | D:15     | Reached skill level 9 in Evocations
 31540 | D:15     | Found a staircase to the Depths.
 31761 | Orc:1    | Entered Level 1 of the Orcish Mines
 31761 | Orc:1    | Noticed Erica
 31767 | Orc:2    | Entered Level 2 of the Orcish Mines
 31767 | Orc:2    | Found Qatohel's Antique Armour Shop.
 31774 | Orc:2    | Found Qobiob's Distillery.
 32187 | Orc:2    | Found a staircase to the Elven Halls.
 32599 | Orc:2    | Found Him Ycow's Jewellery Boutique.
 32607 | Orc:2    | Bought a cursed amulet of inaccuracy for 30 gold pieces
 32612 | Orc:2    | Bought the ring "Zoutzug" {EV+2 Str+4 Dex+2 SInv} for 507 gold pieces
 32763 | Orc:2    | Paralysed by an orc sorcerer for 6 turns
 32772 | Orc:2    | Paralysed by an orc sorcerer for 6 turns
 32980 | Orc:2    | Found a roughly hewn altar of Beogh.
 33129 | Orc:2    | Found Xeucock's Assorted Antiques.
 33414 | Orc:2    | Found Qorelira's Gadget Boutique.
 33416 | Orc:2    | Found Jueleo's Antique Armour Emporium.
 33416 | Orc:2    | Found Keach's Food Emporium.
 33438 | Orc:2    | Bought a potion of heal wounds for 120 gold pieces
 33438 | Orc:2    | Bought a scroll labeled UVAG WALEU for 24 gold pieces
 33515 | Orc:2    | Bought a wand of teleportation (4/9) for 384 gold pieces
 33633 | Orc:2    | Reached skill level 10 in Invocations
 33915 | Orc:1    | Killed Erica
 34013 | Orc:1    | Noticed Fannar
 34048 | Orc:1    | Killed Fannar
 34810 | Swamp:1  | Entered Level 1 of the Swamp
 35065 | Swamp:1  | Reached skill level 12 in Armour
 35995 | Swamp:2  | Reached skill level 10 in Evocations
 36131 | Swamp:2  | Identified a +0 rod of shadows (14/14) (You found it on level 2 of the Swamp)
 36139 | Swamp:2  | Reached skill level 12 in Fighting
 36252 | Swamp:2  | Reached XP level 17. HP: 78/109 MP: 20/24
 37295 | Swamp:3  | Reached skill level 9 in Throwing
 37622 | Swamp:4  | Entered Level 4 of the Swamp
 38375 | Swamp:4  | Noticed the 27-headed Lernaean hydra
 38386 | Swamp:4  | Killed the 27-headed Lernaean hydra
 38394 | Swamp:4  | Reached skill level 11 in Invocations
 38564 | Swamp:4  | Reached skill level 13 in Armour
 38588 | Swamp:4  | Got a decaying rune of Zot
 38703 | Swamp:4  | Reached skill level 11 in Evocations
 39651 | Snake:1  | Entered Level 1 of the Snake Pit
 39695 | Snake:1  | Reached skill level 13 in Fighting
 40318 | Snake:1  | Reached XP level 18. HP: 105/117 MP: 21/26
 41154 | Snake:2  | Got a scorched copper ring
 41156 | Snake:2  | Identified the ring "Meudodwucu" {Fire Int+4 Dex+4} (You found it on level 2 of the Snake Pit)
 41438 | Snake:2  | Reached skill level 14 in Long Blades
 41792 | Snake:3  | Found Caugytiu's Food Shop.
 41901 | Snake:3  | Noticed Mara
 41903 | Snake:3  | Noticed shklvsk's illusion
 41906 | Snake:3  | Drew Focus: Str increased to 19, Dex decreased to 12
 42003 | Snake:4  | Entered Level 4 of the Snake Pit
 42614 | Snake:4  | Reached skill level 14 in Armour
 42941 | Snake:4  | Reached skill level 14 in Fighting
 43083 | Snake:4  | Reached skill level 4 in Dodging
 43614 | Snake:4  | Reached skill level 12 in Invocations
 43806 | Snake:4  | Reached skill level 12 in Evocations
 43964 | Snake:4  | Reached XP level 19. HP: 75/125 MP: 24/28
 44286 | Snake:4  | Reached skill level 10 in Throwing
 44643 | Snake:4  | Got a serpentine rune of Zot
 45972 | Elf:1    | Entered Level 1 of the Elven Halls
 46122 | Elf:1    | Reached skill level 15 in Armour
 46299 | Elf:1    | Found Xeelen's General Store.
 46609 | Elf:1    | Reached skill level 5 in Dodging
 47223 | Elf:1    | Reached skill level 15 in Fighting
 47882 | Elf:2    | Got a steaming buckler
 47893 | Elf:2    | Identified the +0 buckler "Liema" {*Drain MR+ Dex+2} (You found it on level 2 of the Elven Halls)
 48465 | Elf:2    | Noticed Wiglaf
 48495 | Elf:2    | Killed Wiglaf
 48599 | Elf:2    | Cast into level 2 of the Abyss (mace of distortion)
 48637 | Abyss:2  | Reached XP level 20. HP: 132/132 MP: 29/29
 49423 | Abyss:2  | HP: 30/132 [starcursed mass/accursed screaming (7)]
 49702 | Abyss:3  | Paralysed by accursed screaming for 1 turns
 49845 | Abyss:3  | Reached skill level 13 in Evocations
 50119 | Abyss:3  | Found a corrupted altar of Lugonu.
 50270 | Abyss:3  | Got an abyssal rune of Zot
 50346 | Abyss:3  | Noticed a bone dragon
 50359 | Abyss:3  | Noticed a bone dragon
 50375 | Abyss:3  | Paralysed by accursed screaming for 2 turns
 50606 | Abyss:3  | Reached skill level 13 in Invocations
 50646 | Elf:2    | Escaped the Abyss
 50654 | Elf:2    | Found a huge runed gate.
 50654 | Elf:2    | Found a huge runed gate.
 50654 | Elf:2    | Found a huge runed gate.
 50654 | Elf:2    | Found a huge runed gate.
 50654 | Elf:2    | Found a huge runed gate.
 50713 | Elf:2    | Reached skill level 16 in Armour
 51717 | Elf:2    | Reached skill level 6 in Dodging
 51825 | Elf:2    | Reached skill level 16 in Fighting
 52291 | Elf:2    | Noticed Agnes
 52302 | Elf:2    | Killed Agnes
 52339 | Elf:2    | Reached skill level 11 in Throwing
 53209 | Orc:2    | Bought a wand of acid (8/15) for 384 gold pieces
 53359 | Elf:3    | Entered Level 3 of the Elven Halls
 53384 | Elf:3    | Reached XP level 21. HP: 140/140 MP: 31/31
 54153 | Elf:3    | Reached skill level 15 in Long Blades
 54872 | Elf:3    | Got a faintly humming buckler
 54873 | Elf:3    | Identified the +1 buckler "Loeh" {rN++ MP-9 Int-3 Dex+8} (You took it off a deep elf elementalist on level 3 of the Elven Halls)
 54989 | Elf:3    | Got a translucent ring mail
 55089 | Elf:3    | Reached skill level 14 in Evocations
 56042 | Vaults:1 | Entered Level 1 of the Vaults
 56272 | Vaults:1 | Noticed Jorgrun
 56279 | Vaults:1 | Killed Jorgrun
 57084 | Vaults:1 | Reached skill level 7 in Dodging
 57275 | Vaults:1 | Found a portal to a secret trove of treasure.
 57560 | Vaults:1 | Was placed under penance by Zin
 57856 | Vaults:1 | Reached XP level 22. HP: 148/148 MP: 32/32
 57980 | Vaults:1 | Reached skill level 17 in Fighting
 58378 | Vaults:2 | Noticed Margery
 58396 | Vaults:2 | HP: 35/148 [Margery/bolt of fire (51)]
 58399 | Vaults:2 | Killed Margery
 58822 | Vaults:2 | Was forgiven by Zin
 58867 | Vaults:2 | You are sucked into a shaft!
 59146 | Vaults:3 | Found a staircase to the Crypt.
 59146 | Vaults:3 | Found an ancient bone altar of Kikubaaqudgha.
 59146 | Vaults:3 | Found a basalt altar of Yredelemnul.
 59350 | Vaults:3 | Paralysed by a sphinx for 6 turns
 59769 | Vaults:2 | Reached skill level 8 in Dodging
 59910 | Vaults:2 | Reached skill level 14 in Invocations
 60089 | Vaults:2 | Got a wavering ruby amulet
 60159 | Vaults:2 | Identified the amulet of the Equinox {Spirit +Fly} (You took it off a yaktaur on level 2 of the Vaults)
 60456 | Vaults:2 | Found Mahel's Distillery.
 60467 | Vaults:2 | Bought a potion of heal wounds for 85 gold pieces
 60467 | Vaults:2 | Bought a potion of curing for 51 gold pieces
 60467 | Vaults:2 | Bought 2 potions of resistance for 340 gold pieces
 60582 | Vaults:2 | Noticed a caustic shrike
 61626 | Vaults:3 | Reached skill level 12 in Throwing
 61686 | Vaults:3 | Reached skill level 17 in Armour
 61761 | Vaults:3 | Noticed Sojobo
 61776 | Vaults:3 | Killed Sojobo
 62294 | Vaults:3 | Reached XP level 23. HP: 75/156 MP: 33/33
 62893 | Vaults:3 | Found Xonir's Armour Shoppe.
 63106 | Vaults:3 | Reached skill level 18 in Fighting
 63410 | Vaults:3 | Reached skill level 16 in Long Blades
 63469 | Vaults:4 | Reached skill level 9 in Dodging
 64257 | Vaults:4 | Noticed Mysteryquy's ghost (adept MiBe)
 64528 | Vaults:5 | Entered Level 5 of the Vaults
 64543 | Vaults:5 | Noticed jesusflecha's ghost (master DsBe)
 64867 | Vaults:4 | Noticed Donald
 64891 | Vaults:3 | Killed Donald
 66077 | Vaults:4 | Killed Mysteryquy's ghost
 67007 | Depths:1 | Entered Level 1 of the Depths
 67019 | Depths:1 | Reached skill level 15 in Evocations
 68050 | Depths:1 | Reached skill level 10 in Dodging
 68482 | Depths:1 | Reached XP level 24. HP: 163/163 MP: 34/34
 69156 | Depths:2 | Found a gateway to Hell.
 69226 | Depths:2 | Reached skill level 15 in Invocations
 69242 | Depths:2 | Got a wavering amber ring
 69243 | Depths:2 | Identified the ring of No Interval {*Tele MP+9} (You found it on level 2 of the Depths)
 69564 | Depths:2 | Reached skill level 19 in Fighting
 70256 | Depths:3 | Noticed nezrel's ghost (veteran MiBe)
 70859 | Depths:2 | HP: 29/164 [fire dragon (illusionary)/blast of flame (25)]
 70883 | Depths:2 | HP: 36/164 [fire dragon/blast of flame (32)]
 72002 | Depths:3 | Found a one-way gate leading to the halls of Pandemonium.
 72029 | Depths:3 | Found a basalt altar of Yredelemnul.
 72551 | Depths:3 | Reached skill level 11 in Dodging
 72562 | Depths:3 | Reached skill level 13 in Throwing
 72954 | Depths:3 | Found a one-way gate to the infinite horrors of the Abyss.
 73015 | Depths:3 | Paralysed by a giant eyeball for 3 turns
 73236 | Depths:3 | Killed nezrel's ghost
 73287 | Depths:3 | Reached skill level 18 in Armour
 73683 | Depths:3 | Reached XP level 25. HP: 94/172 MP: 34/34
 75967 | Depths:4 | Reached skill level 20 in Fighting
 76078 | Depths:4 | Found a gateway to a ziggurat.
 76135 | Zig:1    | Entered Level 1 of a ziggurat
 76136 | Zig:1    | Noticed Penae the pandemonium lord
 76181 | Zig:1    | Killed Penae the pandemonium lord
 76482 | Zig:1    | Identified a +0 rod of inaccuracy (14/14) (You found it on level 1 of a ziggurat)
 76486 | Zig:2    | Entered Level 2 of a ziggurat
 76492 | Zig:2    | Noticed a shard shrike
 76526 | Zig:2    | Killed a shard shrike
 76552 | Zig:3    | Entered Level 3 of a ziggurat
 76630 | Zig:3    | Got a steaming scimitar
 76633 | Zig:3    | Identified the +2 scimitar of Mapazit {holy, *Noise rF+ rN+++ Dex+2} (You found it on level 3 of a ziggurat)
 76643 | Zig:4    | Entered Level 4 of a ziggurat
 76732 | Zig:5    | Entered Level 5 of a ziggurat
 76737 | Zig:5    | Noticed Sottit Pui the pandemonium lord
 76773 | Zig:5    | Reached skill level 17 in Long Blades
 76815 | Zig:5    | Killed Sottit Pui the pandemonium lord
 76844 | Zig:5    | Got a clouded granite ring
 76845 | Zig:5    | Identified the ring "Nauzag" {rElec rF+ MR+ MP+9 Dex-3} (You found it on level 5 of a ziggurat)
 77077 | Zig:6    | Entered Level 6 of a ziggurat
 77139 | Zig:6    | Got a jewelled great sword
 77141 | Zig:6    | Identified the +6 great sword of Change {venom, MR+ Str+8} (You found it on level 6 of a ziggurat)
 77197 | Zig:7    | Entered Level 7 of a ziggurat
 77209 | Zig:7    | Reached skill level 12 in Dodging
 77477 | Zig:8    | Entered Level 8 of a ziggurat
 77576 | Zig:8    | Identified a +9 rod of ignition (9/9) (You found it on level 8 of a ziggurat)
 77588 | Zig:8    | Got a smoking whip
 77602 | Zig:9    | Entered Level 9 of a ziggurat
 77610 | Zig:9    | Noticed a Killer Klown
 77610 | Zig:9    | Noticed a Killer Klown
 77611 | Zig:9    | Noticed a Killer Klown
 77612 | Zig:9    | Noticed Avokoit the pandemonium lord
 77636 | Zig:9    | Killed Avokoit the pandemonium lord
 77647 | Zig:9    | Killed a Killer Klown
 77654 | Zig:9    | Killed a Killer Klown
 77654 | Zig:9    | Reached skill level 16 in Invocations
 77686 | Zig:9    | Reached XP level 26. HP: 111/180 MP: 35/35
 77747 | Zig:9    | Identified a +4 rod of clouds (11/11) (You found it on level 9 of a ziggurat)
 77786 | Zig:9    | Got a dazzling hand axe
 77789 | Zig:9    | Got a shimmering battleaxe
 77822 | Zig:10   | Entered Level 10 of a ziggurat
 77835 | Zig:10   | Noticed a juggernaut
 77837 | Zig:10   | Noticed a juggernaut
 77838 | Zig:10   | Noticed a juggernaut
 77843 | Zig:10   | Noticed a juggernaut
 77864 | Zig:10   | Was placed under penance by Zin
 77869 | Zig:10   | Got a sparkling marble ring
 77873 | Zig:10   | Killed a juggernaut
 77994 | Zig:10   | Identified the ring of Vanity {Fire Dex+4} (You found it on level 10 of a ziggurat)
 77997 | Zig:10   | Got a tiger eye-studded ice dragon armour {rC++, rF-}
 78346 | Depths:4 | Was forgiven by Zin
 78526 | Depths:4 | Reached skill level 13 in Dodging
 78787 | Depths:4 | Identified the +0 ice dragon armour of the Duchess {rElec rF- rC++ Dex-5 Slay+6 SInv, rC++, rF-} (You found it on level 10 of a ziggurat)
 78796 | Depths:4 | Got a spiked plate armour
 78797 | Depths:4 | Identified the +1 plate armour "Lir Qipn" {rC+ Str+4} (You found it on level 4 of the Depths)
 78800 | Depths:4 | Got a brightly glowing scale mail
 78815 | Depths:4 | Got a vibrating tin ring
 78816 | Depths:4 | Identified the ring of Lutilacs {rCorr *Confuse +Inv Slay+2 SInv} (You found it on level 4 of the Depths)
 78820 | Depths:4 | Got a bloodstained chain mail
 79171 | Depths:4 | Reached skill level 16 in Evocations
 79429 | Depths:4 | Reached skill level 14 in Throwing
 79852 | Depths:5 | Entered Level 5 of the Depths
 79852 | Depths:5 | Found Luleagab's Distillery.
 80147 | Hell     | Entered the Vestibule of Hell
 80147 | Hell     | Noticed Geryon
 80473 | Depths:3 | Reached skill level 21 in Fighting
 80517 | Depths:3 | Reached skill level 19 in Armour
 80599 | Hell     | Found a gateway to the ashen valley of Gehenna.
 80645 | Hell     | Found a gateway to the freezing wastes of Cocytus.
 80681 | Hell     | Found a gateway to the Iron City of Dis.
 80683 | Dis:1    | Entered Level 1 of the Iron City of Dis
 80704 | Hell     | Reached skill level 14 in Dodging
 81384 | Hell     | Killed Geryon
 81448 | Hell     | Found a gateway to the decaying netherworld of Tartarus.
 81763 | Hell     | Reached XP level 27. HP: 187/187 MP: 35/35
 82287 | Vaults:1 | You paid a toll of the horn of Geryon to enter a treasure trove
 82288 | Trove    | Entered a treasure trove
 82296 | Trove    | Got a brightly glowing double sword
 82297 | Trove    | Identified the +5 double sword "Risihu Foti" {holy, MR+} (You found it in a treasure trove)
 82623 | Elf:1    | Bought a scroll of brand weapon for 380 gold pieces
 83522 | Depths:5 | Bought a potion of heal wounds for 90 gold pieces
 83556 | Depths:5 | Reached skill level 15 in Dodging
 83668 | Depths:5 | Found a gate to the Realm of Zot.
 83795 | Depths:5 | Paralysed by a giant eyeball for 4 turns
 84273 | Depths:5 | Reached skill level 17 in Evocations
 84659 | Depths:3 | Paralysed by a giant eyeball for 2 turns
 85272 | Vaults:5 | Reached skill level 11 in Shields
 85418 | Vaults:5 | Reached skill level 22 in Fighting
 85466 | Vaults:5 | Identified the Handbook of Evil and Heat
 85577 | Vaults:5 | Noticed an ancient lich
 85589 | Vaults:5 | Killed an ancient lich
 85607 | Vaults:5 | Noticed an ancient lich
 85626 | Vaults:5 | Reached skill level 15 in Throwing
 85641 | Vaults:5 | Killed an ancient lich
 85771 | Vaults:5 | Reached skill level 12 in Shields
 85921 | Vaults:5 | Killed jesusflecha's ghost
 85975 | Vaults:5 | Got a smelly scale mail
 85992 | Vaults:5 | Reached skill level 17 in Invocations
 86628 | Vaults:5 | Found Feel's Antique Weapon Shoppe.
 86635 | Vaults:5 | Found Beushruul's Jewellery Shop.
 86749 | Vaults:5 | Reached skill level 18 in Evocations
 86917 | Vaults:5 | Found Laufyor's General Store.
 86921 | Vaults:5 | Bought a scroll of enchant weapon for 165 gold pieces
 86921 | Vaults:5 | Bought a scroll of recharging for 209 gold pieces
 86990 | Vaults:5 | Found Sagekhis's Jewellery Shoppe.
 86994 | Vaults:5 | Bought the ring of Linearity {rCorr rC+ Str+2 Slay+2} for 978 gold pieces
 87132 | Vaults:5 | Got a silver rune of Zot
 88516 | Slime:1  | Entered Level 1 of the Pits of Slime
 88523 | Slime:1  | Reached skill level 13 in Shields
 88687 | Slime:1  | Reached skill level 20 in Armour
 89081 | Slime:6  | Entered Level 6 of the Pits of Slime
 89192 | Slime:4  | Reached skill level 16 in Dodging
 89460 | Slime:6  | Noticed the Royal Jelly
 89481 | Slime:6  | Killed the Royal Jelly
 89756 | Slime:5  | Reached skill level 14 in Shields
 89851 | Slime:6  | Got a slimy rune of Zot
 90344 | Slime:3  | Reached skill level 23 in Fighting
 91021 | Crypt:1  | Entered Level 1 of the Crypt
 93262 | Crypt:3  | Entered Level 3 of the Crypt
 93487 | Crypt:3  | Noticed Saint Roka
 93542 | Crypt:3  | Killed Saint Roka
 93740 | Crypt:3  | Reached skill level 21 in Armour
 93767 | Crypt:3  | Noticed Frederick
 93804 | Crypt:3  | Killed Frederick
 93804 | Crypt:3  | Reached skill level 18 in Invocations
 94025 | Crypt:3  | Noticed an ancient lich
 94040 | Crypt:3  | Killed an ancient lich
 94150 | Crypt:3  | Found a staircase to the Tomb.
 94337 | Crypt:3  | Found a basalt altar of Yredelemnul.
 94344 | Crypt:3  | Found an ancient bone altar of Kikubaaqudgha.
 94637 | Crypt:3  | Identified the Grimoire of Excruciating Evil
 95404 | Tar:1    | Entered Level 1 of Tartarus
 95647 | Tar:2    | You fall through a shaft for 2 floors!
 95962 | Tar:7    | Entered Level 7 of Tartarus
 96126 | Tar:7    | Reached skill level 24 in Fighting
 96712 | Tar:7    | Reached skill level 18 in Long Blades
 96806 | Tar:7    | Reached skill level 22 in Armour
 96893 | Tar:7    | Reached skill level 19 in Evocations
 97027 | Tar:7    | Got a pitted ruby amulet
 97028 | Tar:7    | Identified the amulet of the Manifold Lies {Reflect Int+4 SH+2} (You found it on level 7 of Tartarus)
 97037 | Tar:7    | Got a twitching pewter ring
 97038 | Tar:7    | Identified the ring "Donwe" {rCorr rPois} (You found it on level 7 of Tartarus)
 97041 | Tar:7    | Identified the Incunabulum of Enthralling Protection (You found it on level 7 of Tartarus)
 97046 | Tar:7    | Got a clouded amber ring
 97047 | Tar:7    | Identified the ring of Porommar {rF+ rN+ Str+2} (You found it on level 7 of Tartarus)
 97398 | Tar:7    | Identified the Tome of Virous Translocation
 97568 | Tar:7    | Reached skill level 17 in Dodging
 97732 | Tar:7    | Identified a +4 rod of inaccuracy (11/11) (You found it on level 7 of Tartarus)
 98953 | Tar:7    | Gained mutation: You are frail (-10% HP). [mutagenic glow]
 99080 | Tar:7    | Gained mutation: You are very frail (-20% HP). [mutagenic glow]
 99147 | Tar:7    | Reached skill level 25 in Fighting
 99279 | Tar:7    | Noticed Ereshkigal
 99303 | Tar:7    | Killed Ereshkigal
 99312 | Tar:7    | Got a bone rune of Zot
 99535 | Tar:7    | Got a pair of ancient boots
 99592 | Hell     | Identified the cursed +0 pair of boots "Zeptup" {rC+} (You found it on level 7 of Tartarus)
 99595 | Hell     | Received a gift from Zin
 99595 | Hell     | Lost mutation: You have a beak for a mouth. [Zin's power]
 99595 | Hell     | Lost mutation: You have hooves in place of feet. [Zin's power]
 99595 | Hell     | Lost mutation: You have hoof-like feet. [Zin's power]
 99595 | Hell     | Lost mutation: You have large cloven feet. [Zin's power]
 99595 | Hell     | Lost mutation: You are surrounded by a mild repulsion field (EV +2). [Zin's power]
 99595 | Hell     | Lost mutation: You are partially covered in rugged brown scales (AC +1, +3% HP). [Zin's power]
 99595 | Hell     | Lost mutation: Your mind is very acute. (Int +4) [Zin's power]
 99595 | Hell     | Lost mutation: Your mind is acute. (Int +2) [Zin's power]
 99595 | Hell     | Lost mutation: You are very frail (-20% HP). [Zin's power]
 99595 | Hell     | Lost mutation: You are frail (-10% HP). [Zin's power]
 99595 | Hell     | Lost mutation: You are somewhat resistant to both further mutation and mutation removal. [Zin's power]
 99595 | Hell     | Lost mutation: You are somewhat resistant to further mutation. [Zin's power]
 99595 | Hell     | Lost mutation: You are covered in fur (AC +1). [Zin's power]
 99595 | Hell     | Lost mutation: Your spells are a little harder to cast, but a little more powerful. [Zin's power]
 99684 | Coc:1    | Entered Level 1 of Cocytus
 99949 | Coc:3    | Reached skill level 19 in Invocations
100121 | Coc:4    | Reached skill level 23 in Armour
100754 | Coc:7    | Entered Level 7 of Cocytus
102090 | Coc:7    | Reached skill level 26 in Fighting
102398 | Coc:7    | Noticed the Serpent of Hell
102425 | Coc:7    | Killed the Serpent of Hell
102425 | Coc:7    | Reached skill level 19 in Long Blades
102425 | Coc:7    | Reached skill level 24 in Armour
103191 | Coc:7    | Noticed Antaeus
103264 | Coc:7    | Killed Antaeus
103431 | Coc:7    | Got an icy rune of Zot
104200 | Geh:1    | Entered Level 1 of Gehenna
104553 | Geh:4    | Reached skill level 20 in Evocations
104817 | Geh:5    | Reached skill level 20 in Invocations
104856 | Geh:5    | Reached skill level 18 in Dodging
105389 | Geh:7    | Entered Level 7 of Gehenna
105677 | Geh:7    | HP: 46/212 [Brimstone Fiend/damnation (30)]
105678 | Geh:7    | HP: 6/212 [Brimstone Fiend/damnation (41)]
105683 | Geh:7    | HP: 39/212 [hellion/damnation (16)]
105776 | Geh:7    | Paralysed by an eldritch tentacle for 6 turns
106202 | Geh:7    | Reached skill level 27 in Fighting
106236 | Geh:7    | Reached skill level 25 in Armour
106745 | Geh:7    | HP: 38/214 [Brimstone Fiend/damnation (37)]
106807 | Geh:7    | HP: 53/214 [Brimstone Fiend/damnation (27)]
106810 | Geh:7    | HP: 14/214 [Brimstone Fiend/damnation (29)]
107085 | Geh:7    | Noticed Asmodeus
107118 | Geh:7    | Killed Asmodeus
107141 | Geh:7    | Got an obsidian rune of Zot
107779 | D:8      | Bought a scroll of acquirement for 728 gold pieces
107779 | D:8      | Bought a scroll of acquirement for 728 gold pieces
107779 | D:8      | Bought 3 scrolls of recharging for 399 gold pieces
108176 | Depths:1 | Reached skill level 21 in Invocations
109654 | Dis:3    | Reached skill level 20 in Long Blades
110164 | Dis:6    | Got a transparent battleaxe
110165 | Dis:6    | Identified the +9 battleaxe of Midwinter {chop, Stlth+} (You found it on level 6 of the Iron City of Dis)
110174 | Dis:7    | Entered Level 7 of the Iron City of Dis
110487 | Dis:7    | Reached skill level 26 in Armour
111021 | Dis:7    | Reached skill level 22 in Invocations
111750 | Dis:7    | Reached skill level 21 in Evocations
111963 | Dis:7    | Reached skill level 19 in Dodging
112415 | Dis:7    | Noticed Dispater
112445 | Dis:7    | Killed Dispater
112571 | Dis:7    | HP: 35/214 [Hell Sentinel/damnation (45)]
112814 | Dis:7    | Got an iron rune of Zot
112885 | Dis:7    | Identified the Catalogue of the Gliding Entourage
112928 | Dis:7    | Identified The Second Course in Theurgy
113143 | Pan      | Entered Pandemonium
113234 | Pan      | Reached skill level 23 in Invocations
113542 | Pan      | Noticed Inihuq the pandemonium lord
113602 | Pan      | Noticed Mennas
114056 | Pan      | Found an exit through the horrors of the Abyss.
114065 | Pan      | Got a translucent chain mail
114066 | Pan      | Identified the cursed +0 chain mail of Popsan {MR+ Str+2} (You found it in Pandemonium)
114584 | Pan      | Noticed Popah the pandemonium lord
114633 | Pan      | Found a runed door.
114639 | Pan      | Found a runed door.
114652 | Pan      | Found a runed door.
114756 | Pan      | Found a runed door.
114760 | Pan      | Noticed Namuah the pandemonium lord
114955 | Pan      | Killed Namuah the pandemonium lord
115600 | Pan      | Found an exit through the horrors of the Abyss.
115801 | Pan      | Reached skill level 24 in Invocations
116294 | Pan      | Reached skill level 27 in Armour
116387 | Pan      | Got a demonic rune of Zot
117437 | Pan      | Found an exit through the horrors of the Abyss.
117438 | Pan      | Found a huge runed gate.
117515 | Pan      | Noticed Fotay the pandemonium lord
117814 | Pan      | HP: 53/214 [Hell Sentinel/damnation (19)]
117820 | Pan      | HP: 45/214 [smoke demon/divine providence (12)]
117828 | Pan      | HP: 38/214 [smoke demon/divine providence (13)]
117881 | Pan      | HP: 44/214 [smoke demon/divine providence (16)]
118008 | Pan      | Killed Fotay the pandemonium lord
118178 | Pan      | Reached skill level 22 in Evocations
118497 | Pan      | Entered the realm of Mnoleg.
118870 | Pan      | Reached skill level 25 in Invocations
118885 | Pan      | Reached skill level 20 in Dodging
118940 | Pan      | Noticed Mnoleg
118970 | Pan      | Killed Mnoleg
119186 | Pan      | Got a glowing rune of Zot
119353 | Pan      | Entered the realm of Gloorx Vloq.
119514 | Pan      | Found an exit through the horrors of the Abyss.
119844 | Pan      | Noticed Gloorx Vloq
119883 | Pan      | Killed Gloorx Vloq
120006 | Pan      | Got a dark rune of Zot
120242 | Pan      | Reached skill level 26 in Invocations
120633 | Pan      | Found an exit through the horrors of the Abyss.
120668 | Pan      | Entered the realm of Cerebov.
120889 | Pan      | Noticed Mennas
120941 | Pan      | Killed Mennas
121725 | Pan      | Identified a +2 pair of boots of running (You found it in Pandemonium)
121938 | Pan      | Identified Sif Muna's Papyrus of Toxic Beguiling (You found it in Pandemonium)
122095 | Pan      | Noticed Cerebov
122242 | Pan      | Found an exit through the horrors of the Abyss.
122475 | Pan      | Killed Cerebov
122591 | Pan      | Got a fiery rune of Zot
122742 | Pan      | Reached skill level 27 in Invocations
122759 | Pan      | Found a runed door.
122769 | Pan      | Noticed Ofec the pandemonium lord
122835 | Pan      | HP: 52/214 [??? (10)]
122963 | Pan      | Reached skill level 23 in Evocations
123056 | Pan      | Reached skill level 21 in Dodging
123177 | Pan      | Entered the realm of Lom Lobon.
123487 | Pan      | Found an exit through the horrors of the Abyss.
124249 | Pan      | Noticed Lom Lobon
124267 | Pan      | Killed Lom Lobon
124288 | Pan      | Got a magical rune of Zot
124680 | Pan      | Found a runed door.
124916 | Pan      | Found an exit through the horrors of the Abyss.
125048 | Pan      | Noticed Motoshak the pandemonium lord
125063 | Pan      | Killed Motoshak the pandemonium lord
125889 | Pan      | Found an exit through the horrors of the Abyss.
126308 | Pan      | Reached skill level 24 in Evocations
126354 | Pan      | Reached skill level 22 in Dodging
126475 | Pan      | Found an exit through the horrors of the Abyss.
127186 | Pan      | Noticed Qoatra the pandemonium lord
127197 | Pan      | Killed Qoatra the pandemonium lord
127478 | Pan      | Found an exit through the horrors of the Abyss.
127682 | Depths:3 | Escaped Pandemonium
129067 | Tomb:1   | Entered Level 1 of the Tomb of the Ancients
130092 | Tomb:2   | Noticed a greater mummy
130093 | Tomb:2   | Noticed a greater mummy
130095 | Tomb:2   | Noticed a greater mummy
130096 | Tomb:2   | Noticed a greater mummy
130250 | Tomb:1   | Killed a greater mummy
130349 | Tomb:1   | Killed a greater mummy
130532 | Tomb:1   | Killed a greater mummy
130702 | Tomb:2   | Killed a greater mummy
130924 | Tomb:2   | Reached skill level 25 in Evocations
131093 | Tomb:1   | Noticed a greater mummy
131102 | Tomb:1   | Killed a greater mummy
131103 | Tomb:1   | Noticed a greater mummy
131103 | Tomb:1   | Noticed a greater mummy
131111 | Tomb:1   | Killed a greater mummy
131158 | Tomb:1   | Noticed a greater mummy
131172 | Tomb:2   | Killed a greater mummy
131172 | Tomb:2   | Reached skill level 23 in Dodging
131329 | Tomb:1   | Killed a greater mummy
131384 | Tomb:1   | Noticed a greater mummy
131400 | Tomb:1   | Killed a greater mummy
131476 | Tomb:1   | Noticed a greater mummy
131480 | Tomb:1   | Noticed a greater mummy
131488 | Tomb:1   | Killed a greater mummy
131497 | Tomb:1   | Killed a greater mummy
131524 | Tomb:1   | Noticed a greater mummy
131530 | Tomb:1   | Killed a greater mummy
131558 | Tomb:1   | Noticed a greater mummy
131558 | Tomb:1   | Noticed a greater mummy
131753 | Tomb:1   | Killed a greater mummy
131761 | Tomb:1   | Killed a greater mummy
131887 | Tomb:1   | Noticed a greater mummy
131897 | Tomb:1   | Noticed a greater mummy
131904 | Tomb:1   | Killed a greater mummy
131911 | Tomb:1   | Killed a greater mummy
131937 | Tomb:1   | Noticed a greater mummy
132036 | Tomb:1   | Killed a greater mummy
132112 | Tomb:1   | Noticed a greater mummy
132121 | Tomb:1   | Killed a greater mummy
132158 | Tomb:1   | Noticed a greater mummy
132168 | Tomb:1   | Killed a greater mummy
132202 | Tomb:1   | Noticed a greater mummy
132207 | Tomb:1   | Killed a greater mummy
132215 | Tomb:1   | Noticed a greater mummy
132226 | Tomb:1   | Killed a greater mummy
132381 | Tomb:3   | Entered Level 3 of the Tomb of the Ancients
132402 | Tomb:3   | Noticed a greater mummy
132548 | Tomb:3   | Noticed a greater mummy
132659 | Tomb:2   | Killed a greater mummy
132659 | Tomb:2   | Reached skill level 26 in Evocations
132714 | Tomb:3   | Noticed a greater mummy
132743 | Tomb:3   | Noticed a greater mummy
132748 | Tomb:2   | Killed a greater mummy
132885 | Tomb:3   | Killed a greater mummy
132894 | Tomb:3   | Killed a greater mummy
132899 | Tomb:3   | Reached skill level 24 in Dodging
132938 | Tomb:3   | Noticed a greater mummy
132942 | Tomb:3   | Noticed a greater mummy
132948 | Tomb:3   | Killed a greater mummy
132964 | Tomb:3   | Killed a greater mummy
133013 | Tomb:3   | Noticed a greater mummy
133023 | Tomb:3   | Noticed a greater mummy
133024 | Tomb:3   | Killed a greater mummy
133030 | Tomb:3   | Noticed a greater mummy
133033 | Tomb:3   | Killed a greater mummy
133050 | Tomb:3   | Killed a greater mummy
133120 | Tomb:3   | Got a golden rune of Zot
133278 | Tomb:3   | Identified Puidghoco's Incunabulum of Fire and Clay (You found it on level 3 of the Tomb of the Ancients)
133282 | Tomb:3   | Identified a +1 rod of shadows (9/9) (You found it on level 3 of the Tomb of the Ancients)
133536 | Tomb:3   | Got a faintly humming shadow dragon armour {Stlth++++}
133537 | Tomb:3   | Identified the +1 shadow dragon armour "Dood" {rC++ Stlth++++, Stlth++++} (You found it on level 3 of the Tomb of the Ancients)
133559 | Zig:1    | Entered Level 1 of a ziggurat
133588 | Zig:2    | Entered Level 2 of a ziggurat
133633 | Zig:3    | Entered Level 3 of a ziggurat
133636 | Zig:3    | Noticed Illivolyd the pandemonium lord
133656 | Zig:3    | Killed Illivolyd the pandemonium lord
133809 | Zig:4    | Entered Level 4 of a ziggurat
133811 | Zig:4    | Noticed a juggernaut
133828 | Zig:4    | Killed a juggernaut
133856 | Zig:5    | Entered Level 5 of a ziggurat
133940 | Zig:6    | Entered Level 6 of a ziggurat
133996 | Zig:6    | Identified the Compendium of Flight
134003 | Zig:6    | Identified Moxun's Tome of Dislocated Beguiling
134013 | Zig:7    | Entered Level 7 of a ziggurat
134018 | Zig:7    | Noticed a greater mummy
134019 | Zig:7    | Noticed a greater mummy
134019 | Zig:7    | Noticed a greater mummy
134035 | Zig:7    | Killed a greater mummy
134048 | Zig:7    | Killed a greater mummy
134056 | Zig:7    | Killed a greater mummy
134144 | Zig:8    | Entered Level 8 of a ziggurat
134149 | Zig:8    | Noticed a greater mummy
134150 | Zig:8    | Noticed a greater mummy
134163 | Zig:8    | Killed a greater mummy
134179 | Zig:8    | Killed a greater mummy
134324 | Zig:8    | Identified the Disquisition on Moulding
134328 | Zig:8    | Reached skill level 25 in Dodging
134328 | Zig:8    | Reached skill level 27 in Evocations
134333 | Zig:8    | Got an ancient lead amulet
134334 | Zig:8    | Identified the amulet of Reimbursement {*Contam +Rage Dex+6} (You found it on level 8 of a ziggurat)
134343 | Zig:8    | Identified the Compendium of Helpful Conjuration
134347 | Zig:9    | Entered Level 9 of a ziggurat
134452 | Zig:9    | Got a twitching gossamer ring
134453 | Zig:9    | Identified the ring of Gerank {*Tele *Confuse +Blink rPois Int+5} (You found it on level 9 of a ziggurat)
134469 | Zig:10   | Entered Level 10 of a ziggurat
134558 | Zig:10   | Identified Lirrirr's Handbook of the Traveller and the Frostbite
134582 | Zig:11   | Entered Level 11 of a ziggurat
134610 | Zig:11   | Paralysed by accursed screaming for 2 turns
134620 | Zig:11   | Paralysed by accursed screaming for 1 turns
134846 | Zig:11   | Got a jewelled mottled dragon armour {rSticky}
134865 | Zig:12   | Entered Level 12 of a ziggurat
135059 | Zig:12   | Paralysed by fainting for 6 turns
135121 | Zig:13   | Entered Level 13 of a ziggurat
135126 | Zig:13   | Noticed an orb of fire
135127 | Zig:13   | Noticed an orb of fire
135128 | Zig:13   | Noticed an orb of fire
135141 | Zig:13   | Noticed an orb of fire
135157 | Zig:13   | HP: 26/214 [orb of fire/fireball (29)]
135181 | Tomb:3   | Killed an orb of fire
136171 | Zot:1    | Entered Level 1 of the Realm of Zot
136186 | Zot:1    | Reached skill level 26 in Dodging
136940 | Zot:2    | HP: 36/214 [yellow draconian monk (26)]
136949 | Zot:2    | HP: 43/214 [acid (12)]
136954 | Zot:2    | HP: 28/214 [death cob (7)]
137745 | D:8      | Bought a scroll of enchant armour for 105 gold pieces
138664 | Zot:3    | Reached skill level 27 in Dodging
138924 | Zot:3    | Reached skill level 16 in Throwing
139154 | Zot:5    | Entered Level 5 of the Realm of Zot
139412 | Zot:5    | Noticed an ancient lich
139428 | Zot:5    | Killed an ancient lich
139428 | Zot:5    | Reached skill level 17 in Throwing
139469 | Zot:5    | Noticed an ancient lich
139485 | Zot:5    | Noticed an ancient lich
139488 | Zot:5    | Killed an ancient lich
139497 | Zot:5    | Killed an ancient lich
139507 | Zot:5    | Noticed an ancient lich
139548 | Zot:5    | Killed an ancient lich
139623 | Zot:5    | Noticed an ancient lich
139710 | Zot:5    | Reached skill level 18 in Throwing
139728 | Zot:5    | Killed an ancient lich
139745 | Zot:5    | Noticed an ancient lich
139757 | Zot:5    | Killed an ancient lich
139898 | Zot:5    | Noticed an orb of fire
139947 | Zot:5    | Killed an orb of fire
139947 | Zot:5    | Reached skill level 19 in Throwing
140113 | Zot:5    | Got the Orb of Zot
140175 | Zot:5    | Noticed an ancient lich
140191 | Zot:5    | Killed an ancient lich
140467 | Zot:4    | Noticed Ulluucwy the pandemonium lord
140506 | Zot:3    | Reached skill level 20 in Throwing
141275 | D:5      | Noticed Wassubint the pandemonium lord
141396 | D:1      | Watball: grats
141401 | D:1      | Hired Minic the naga for 172 gold.
141402 | D:1      | Drew Focus: Str increased to 21, Dex decreased to 14
141406 | D:$      | Escaped with the Orb!

Skill      XL: |  1  2  3  4  5  6  7  8  9 10 11 12 13 14 15 16 17 18 19 20 21 22 23 24 25 26 27 |
---------------+----------------------------------------------------------------------------------+-----
Axes           | 3 4 5 6 |  6.1
Throwing       | 1 2 3 4 5 6 7 8 9 10 11 12 13 14 20 | 20.5
Dodging        | 1 2 3 4 5 6 7 8 10 11 12 14 27 | 27.0
Fighting       | 4 5 6 7 8 9 10 12 13 14 15 16 17 18 19 20 21 27 | 27.0
Armour         | 3 4 5 7 8 10 11 12 13 14 15 16 17 18 19 27 | 27.0
Stealth        | 2 3 4 5 7 |  7.0
Long Blades    | 7 11 12 13 14 15 16 17 20 | 20.2
Invocations    | 4 6 7 8 9 10 11 12 13 14 15 16 27 | 27.0
Evocations     | 2 3 5 7 8 10 11 12 13 14 15 16 27 | 27.0
Shields        | 4 7 8 10 14 | 14.5

Action                   |  1- 3 |  4- 6 |  7- 9 | 10-12 | 13-15 | 16-18 | 19-21 | 22-24 | 25-27 || total
-------------------------+-------+-------+-------+-------+-------+-------+-------+-------+-------++-------
Melee: Hand axe          |    94 |   106 |   200 |       |       |       |       |       |       ||   400
       Kick              |       |       |    68 |   187 |   615 |  1098 |  1235 |  1695 |  3095 ||  7993
       Falchion          |       |       |   138 |   608 |       |       |       |       |       ||   746
       Peck              |       |       |    12 |   136 |   401 |   690 |   773 |  1062 |  2029 ||  5103
       Long sword        |       |       |       |    34 |  1432 |  2119 |  2359 |  2891 |   749 ||  9584
       Scimitar          |       |       |       |       |       |   107 |       |       |    85 ||   192
       Double sword      |       |       |       |       |       |       |       |    36 | 13599 || 13635
       Triple sword      |       |       |       |       |       |       |       |       |   842 ||   842
Throw: Stone             |    52 |    63 |   157 |   449 |   716 |   668 |   205 |   266 |    90 ||  2666
       Tomahawk          |       |       |       |       |     5 |       |    17 |       |    72 ||    94
       Javelin           |       |       |       |       |       |       |     8 |       |    31 ||    39
Invok: Recite            |       |       |       |     1 |       |     1 |       |     2 |    30 ||    34
       Vitalisation      |       |       |       |     1 |       |       |       |     2 |    16 ||    19
       Sanctuary         |       |       |       |       |       |       |       |       |     3 ||     3
       Cure All Mutation |       |       |       |       |       |       |       |       |     1 ||     1
 Abil: Fly               |       |       |       |     1 |       |     2 |       |     2 |     9 ||    14
       Stop Flying       |       |       |       |       |       |       |       |     2 |     9 ||    11
Evoke: Wand              |       |       |       |    14 |    13 |     9 |    12 |    20 |    35 ||   103
       Rod               |       |       |       |       |       |     7 |    11 |     3 |   120 ||   141
       Phantom mirror    |       |       |       |       |       |     1 |       |       |     2 ||     3
       Deck              |       |       |       |       |       |     6 |       |       |    12 ||    18
       Phial of floods   |       |       |       |       |       |       |     2 |     9 |     8 ||    19
       Fan of gales      |       |       |       |       |       |       |       |     4 |     4 ||     8
       Sack of spiders   |       |       |       |       |       |       |       |     2 |     3 ||     5
       Lamp of fire      |       |       |       |       |       |       |       |       |     7 ||     7
       Figurine of a zig |       |       |       |       |       |       |       |       |     1 ||     1
  Use: Scroll            |       |    10 |     4 |    11 |    23 |    15 |    16 |    18 |    77 ||   174
       Potion            |       |     3 |     1 |     1 |     3 |     3 |     1 |     7 |    24 ||    43
 Stab: Petrifying        |     1 |       |       |       |       |       |     1 |       |     1 ||     3
       Paralysed         |       |     3 |     5 |       |       |       |       |       |     4 ||    12
       Confused          |       |     2 |     1 |     1 |     1 |       |       |       |    34 ||    39
       Sleeping          |       |     2 |     1 |       |       |       |       |       |       ||     3
       Petrified         |       |       |     3 |       |     4 |       |       |       |       ||     7
       Invisible         |       |       |       |       |     6 |       |       |       |       ||     6
       Distracted        |       |       |       |       |       |       |     1 |     4 |     8 ||    13
  Eat: Chunk             |     1 |     7 |     8 |    17 |    34 |     9 |     5 |     7 |    32 ||   120
       Beef jerky        |       |       |     3 |     4 |       |     1 |     2 |     1 |     6 ||    17
       Bread ration      |       |       |     1 |     1 |     1 |     3 |     1 |     5 |    24 ||    36
       Royal jelly       |       |       |       |       |     2 |       |     5 |     1 |     2 ||    10
       Meat ration       |       |       |       |       |       |     5 |     5 |     4 |    15 ||    29
       Pizza             |       |       |       |       |       |     1 |       |     1 |     7 ||     9
       Fruit             |       |       |       |       |       |       |       |     3 |    14 ||    17
Armor: Leather armour    |    50 |    46 |   112 |   123 |       |       |       |       |       ||   331
       Crystal plate arm |       |       |       |   137 |   959 |  1205 |  1149 |  1323 |  8915 || 13688
Dodge: Dodged            |    59 |    42 |   198 |   264 |   279 |   599 |   638 |   988 | 14710 || 17777
Block: Shield            |       |       |       |   112 |  1055 |  1755 |  1723 |  2647 |  3481 || 10773
       Reflection        |       |       |       |       |       |       |       |   149 |    49 ||   198
       Buckler           |       |       |       |       |       |       |       |       |  6481 ||  6481

Vault maps used:
D:1:      dpeg_arrival_renting, kennysheep_flooded_box
D:2:      marbit_many_paths, first_bread, hex_large
D:3:      trog_butcher_becter, uniq_grinder
D:4:      elyvilon_altar_5, minivault_11, kb_xom_exploding_sheep, uniq_menkaure,
          uniq_duvessa
D:5:      grunt_temple_overflow_cloverleaf, temple_pool_b
D:7:      grunt_livestock
D:8:      minmay_lair_entry_grove, serial_shops, nicolae_shop_trees,
          hangedman_decor_growths, kennysheep_generic_room_10
D:12:     orc_0_dummy, serial_shops, shop, shop, uniq_kirke
D:13:     enter_bailey_7
D:14:     david_vaults_4, columned_hall_lemuel
D:15:     gammafunk_enter_depths_forms, minmay_misc_feat_x
Temple:   chambers_temple_14
Lair:1:   cheibrodos_lair_reptile_den, infiniplex_staircase_pool_2
Lair:2:   special_room
Lair:3:   serial_bayou_lake_a, grunt_megastairs_5, uniq_nergalle
Lair:4:   basic_altar, lemuel_fruit_fields, grunt_megastairs_3
Lair:5:   swamp_mist_pool, st_stairs_7
Lair:6:   minmay_snake_entry_six_corridors, fungi_pond_lemuel, uniq_josephine,
          uniq_maud
Lair:7:   slime_altar_1
Lair:8:   evilmike_catoblepas_cave, basic_altar
Swamp:1:  serial_swamp_ruin, evilmike_swamp_ruin_house_5,
          evilmike_swamp_ruin_house_2, evilmike_swamp_ruin_house_4
Swamp:2:  evilmike_swamp_ruin_house_1, lightli_tree_ring
Swamp:3:  evilmike_swamp_ruin_rubble_2
Swamp:4:  swamp_old_school
Snake:1:  minmay_snake_pond
Snake:3:  serial_shops, shop_fountains, serial_bayou_shore_b, uniq_mara
Snake:4:  grunt_snake_rune_serpentine_throne
Slime:1:  cheibrodos_slime_lost_civilization_5
Orc:1:    uniq_fannar, uniq_erica
Orc:2:    st_orc_elflike, serial_shops, shop_fountains, shop, shop,
          statue_in_the_mist_lemuel, nicolae_orc_lava_tube, minmay_orc_temple_b
Elf:1:    eino_elf_arrival_sip, serial_shops, shop, minivault_28
Elf:2:    guppyfry_library_mini, uniq_wiglaf, uniq_agnes
Elf:3:    elf_hall, minivault_5
Vaults:1: vaults_mumra_hexcomb, hangedman_vaults_snaps,
          grunt_vaults_hallway_short, v_misc_27,
          hangedman_vaults_stretched_pinwheel, ontoclasm_vaults_pinch,
          st_greater_box_5, v_misc_5, nicolae_vaults_little_squares_6,
          ontoclasm_vaults_idyll, grunt_vaults_twisty, v_misc_10,
          vaults_dpeg_diagonal, vaults_mumra_chevron, vaults_dpeg_hooks,
          enter_trove_6, uniq_jorgrun
Vaults:2: v_misc_2, ontoclasm_vaults_spin, nicolae_vaults_little_squares_4,
          nicolae_vaults_alarming, vaults_room_semicircle, serial_shops,
          shop_coins, uniq_margery
Vaults:3: v_rooms_3, minmay_crypt_entry_necro_gods, st_more_cells, v_misc_13,
          ontoclasm_vaults_claustrophobia, dpeg_vaults_monster_row,
          ontoclasm_vaults_ring_square, ontoclasm_vaults_chip,
          hangedman_vaults_corner_blocks, nicolae_vaults_little_squares_6,
          nicolae_vaults_yaktaur_gun_rack, v_misc_27,
          nicolae_vaults_stairing_the_circle, ontoclasm_vaults_loading_screen,
          nicolae_vaults_asterisk, nicolae_vaults_rhombus_6, serial_shops,
          nicolae_shop_behind_doors, uniq_sojobo
Vaults:4: v_misc_33, hangedman_vaults_capsules, v_rooms_1, vaults_mumra_hex,
          ontoclasm_vaults_fault, v_alt_pattern_4,
          nicolae_vaults_diagonal_hallway_7, hangedman_vaults_slice,
          ontoclasm_vaults_eye, grunt_vaults_hallway_short,
          nicolae_vaults_little_ls, uniq_donald
Crypt:3:  lightli_unholy_cathedral, nicolae_tomb_entry_rubble_hallway,
          minigarden_bobbens, uniq_frederick, uniq_saint_roka
Depths:1: hellmouth_3, kennysheep_pointless_box, minmay_librarian
Depths:2: grunt_twist_and_shout, hell_entry, item_on_display_a
Depths:3: nooodl_heptagram, rand_demon_pan_entry_5, hell_entry, abyss_entry,
          lemuel_crystal_altar, infiniplex_staircase_x
Depths:4: gold_lair_mu, enter_ziggurat_e, hangedman_glass_teeth, abyss_entry,
          hell_entry
Depths:5: grunt_zot_entry_funnels, serial_shops, shop,
          hangedman_abyss_entry_splay, bh_walls_and_bars,
          grunt_pan_entry_zigzag, pf_coc_iceberg
Dis:3:    lemuel_dis_dragons, grunt_dis_stairs_iron_hall
Dis:4:    hangedman_dis_chains, grunt_megastairs_2
Dis:6:    hangedman_mysterious_dungeon_monster_house
Dis:7:    iron_city_of_dis
Geh:1:    nicolae_geh_single_fiery_grave, gehenna_fire_generator,
          minmay_fire_ice_demons
Geh:7:    geh_hangedman
Coc:7:    coc_mu
Tar:1:    grunt_megastairs_1
Tar:4:    hangedman_tartarus_temple_path
Tar:7:    tar_mu
Zot:1:    basic_altar
Zot:2:    circus_mu, st_single_dragon_hoard_3
Zot:3:    hangedman_orp_of_zott, st_stairs_6
Abyss:2:  evilmike_abyss_exit_mutagenic, onia_ninara_dug_in_and_dangerous
Abyss:3:  hangedman_abyss_rune_macabre_mess, evilmike_abyss_exit_13
Pan:      evilmike_mini_pan_possible_glass, evilmike_mini_pan_other_thingy,
          pan_blood_fountain, nicolae_pan_cerebovesque_3, rand_demon_2,
          pan_blood_fountain_2, nicolae_pan_hourglass, uniq_mennas_pan,
          grunt_pan_in_and_out, nicolae_pan_gloorx_vloqian_1, rand_demon_7,
          pan_blood_fountain_small, grunt_pan_frozen_over,
          nicolae_pan_mnolegish_1, reaverb_pan_figure_eight,
          nicolae_pan_giant_door, mnoleg_grunt, pan_blood_fountain_2,
          nicolae_pan_sick_transit, nicolae_pan_mnolegish_1, gloorx_vloq,
          nicolae_pan_gloorx_vloqian_3, nicolae_pan_sigil_obb, rand_demon_5,
          cerebov_st, uniq_mennas_pan, rand_demon_7, evilmike_mini_pan_diamond,
          nicolae_pan_gloorx_vloqian_2, lom_lobon_spiral_st, rand_demon_9,
          rand_demon_5, pan_blood_fountain_small, rand_demon_5,
          evilmike_mini_pan_possible_glass, nicolae_pan_sigil_obb
Zig:7:    ziggurat_pillar_centre_c
Zig:9:    ziggurat_pillar_centre_dead_trees
Trove:    trove_simple
Bailey:   bailey_polearm_1, bailey

Table legend:
 A = Turns spent in this place as a percentage of turns spent in the entire game.
 B = Non-inter-level travel turns spent in this place as a percentage of non-inter-level travel turns spent in the entire game.
 C = Inter-level travel turns spent in this place as a percentage of turns spent in this place.
 D = Turns resting spent in this place as a percentage of non-inter-level travel turns spent in this place.
 E = Turns spent auto-exploring this place as a percentage of non-inter-level travel turns spent in this place.
 F = Non-inter-level travel turns spent in this place divided by the number of levels of this place that you've seen.
                   A       B       C       D       E      F
               +-------+-------+-------+-------+-------+----------------------
         Total | 100.0 | 100.0 |   0.6 |   2.6 |   2.8 | 449.2
       Dungeon |  10.1 |   9.9 |   1.8 |   2.5 |   8.2 | 410.8
        Temple |   0.0 |   0.0 |   4.2 |   0.0 |  82.6 |  23.0
          Lair |   5.7 |   5.7 |   0.8 |   1.6 |   7.4 | 439.5
         Swamp |   2.7 |   2.7 |   0.5 |   1.7 |   6.2 | 417.0
     Snake Pit |   4.1 |   4.1 |   0.2 |   2.0 |   4.4 | 636.8
    Slime Pits |   2.1 |   2.1 |   0.2 |   2.4 |   0.7 | 216.7
  Orcish Mines |   1.7 |   1.7 |   1.4 |   2.2 |   6.8 | 511.5
   Elven Halls |   4.7 |   4.7 |   0.4 |   2.9 |   2.2 | 963.3
        Vaults |   9.6 |   9.6 |   0.4 |   3.0 |   3.4 | 1186.4
         Crypt |   2.7 |   2.7 |   0.6 |   1.8 |   4.1 | 564.7
          Tomb |   3.6 |   3.6 |   0.4 |   4.2 |   0.5 | 746.3
        Depths |  10.1 |  10.1 |   0.6 |   3.0 |   1.9 | 1252.2
          Hell |   1.8 |   1.8 |   0.4 |   1.6 |   0.8 | 1140.0
           Dis |   5.1 |   5.1 |   0.4 |   3.6 |   0.3 | 450.0
       Gehenna |   4.1 |   4.1 |   0.3 |   2.0 |   0.3 | 363.1
       Cocytus |   4.5 |   4.5 |   0.6 |   2.8 |   0.0 | 402.4
      Tartarus |   3.6 |   3.6 |   1.2 |   3.0 |   1.5 | 367.5
           Zot |   3.5 |   3.5 |   0.5 |   2.4 |   0.3 | 428.6
         Abyss |   2.4 |   2.4 |   0.0 |   3.2 |   0.1 | 740.5
   Pandemonium |  13.6 |  13.6 |   0.0 |   2.4 |   1.4 | 445.2
      Ziggurat |   3.5 |   3.5 |   0.0 |   1.7 |   0.3 |  95.3
         Trove |   0.1 |   0.1 |   0.0 |   0.0 |   0.0 |  40.0
        Bailey |   0.9 |   0.9 |   0.0 |   0.7 |   0.0 | 568.0
               +-------+-------+-------+-------+-------+----------------------

Table legend:
 A = Kills in this place as a percentage of kills in entire the game.
 B = Kills by you in this place as a percentage of kills by you in the entire game.
 C = Kills by friends in this place as a percentage of kills by friends in the entire game.
 D = Other kills in this place as a percentage of other kills in the entire game.
 E = Experience gained in this place as a percentage of experience gained in the entire game.
 F = Experience gained in this place divided by the number of levels of this place that you have seen.
                   A       B       C       D       E      F
               +-------+-------+-------+-------+-------+----------------------
         Total | 100.0 | 100.0 | 100.0 | 100.0 | 100.0 | 31403.4
       Dungeon |   9.4 |   9.6 |   0.0 |   3.3 |   2.7 | 7738.3
          Lair |   6.3 |   6.4 |   0.0 |   0.0 |   2.0 | 10805.1
         Swamp |   3.1 |   3.1 |   0.0 |   3.3 |   1.6 | 16917.8
     Snake Pit |   3.8 |   3.7 |  13.5 |   0.0 |   2.7 | 29598.2
    Slime Pits |   3.3 |   3.4 |   0.0 |   0.0 |   2.5 | 17893.7
  Orcish Mines |   1.6 |   1.6 |   0.0 |   3.3 |   0.4 | 8275.5
   Elven Halls |   3.3 |   3.2 |   9.6 |   6.6 |   3.3 | 47617.7
        Vaults |  10.1 |   9.8 |  34.6 |  21.3 |  11.2 | 96903.8
         Crypt |   3.1 |   3.2 |   3.8 |   0.0 |   3.6 | 52129.7
          Tomb |   4.1 |   4.2 |   0.0 |   1.6 |   7.0 | 101165.7
        Depths |   7.9 |   7.8 |   7.7 |  18.0 |   9.3 | 80469.4
          Hell |   1.5 |   1.4 |   5.8 |   4.9 |   1.4 | 59142.0
           Dis |   5.4 |   5.5 |   3.8 |   0.0 |   5.9 | 36228.7
       Gehenna |   5.4 |   5.5 |   1.9 |   4.9 |   5.4 | 33585.0
       Cocytus |   6.3 |   6.3 |   1.9 |   1.6 |   6.5 | 40534.0
      Tartarus |   3.7 |   3.7 |   0.0 |   0.0 |   5.7 | 41473.7
           Zot |   2.9 |   2.9 |   0.0 |   1.6 |   6.8 | 58626.0
         Abyss |   2.0 |   2.0 |   0.0 |   0.0 |   1.2 | 27053.5
   Pandemonium |  12.4 |  12.6 |   3.8 |   3.3 |  15.6 | 35618.1
      Ziggurat |   4.0 |   3.8 |  13.5 |  21.3 |   5.2 | 9765.9
        Bailey |   0.3 |   0.3 |   0.0 |   4.9 |   0.1 | 2559.0
               +-------+-------+-------+-------+-------+----------------------
